Workbook

Sheet Cover
A1: CAPMAS in cooperation with Economic Research Forum
A2: Egypt Labor Market Panel Survey (2006) | J2: Questionnaire No. 1
A3: Household Questionnaire Cover
G5: Information given is for Research Purpose
G6: Details on Individuals are Confidential by Law
A7: Name of the Head of Household: --------------------------------------------------------------
A8: Governorate | C8: City/town | D8: Village/hamlet | E8: 1) Urban | F8: Serial number of HH in governorate* | G8: Serial number of HH in hamlet/village | I8: Street: -----------------------------
E9: 2) Rural | I9: Building Number: -------------------------
I10: Type of Housing unit and address in building:
A11: Code* | C11: Code* | D11: Code* | E11: Code* | I11: No. of Questionnaires for this HH:
I12: Road No: ----------------
A13: No. of Individuals in this HH: ------ | I13: Block No: --------------------
B14: male ----- | I14: Serial number of HH in dwelling unit ------
B15: female ------
A17: THIS SECTION (1-3) IS TO BE FILLED BY SUPERVISOR BEFORE THE INTERVIEWER VISITS THE HOUSEHOLD
A18: 1. Why is this HH included in the survey? | H18: 3. Fill out the 1998 information below
A19: (A) HH part of the 1998 sample | H19: Individual Name | J19: Personal ID code | K19: Gov. Code | L19: HH Governorate Serial
A20: (B) HH part of the 1998 sample but has changed address
A21: (C) Split HH (at least one individual in this HH was interviewed in 1998 and has moved to this HH ) --> Question 3
A22: (D) HH part of the refresher sample --> End of supervisor questions
A24: 2. Write down the 1998 governorate code and the 1998 HH code
A25: Governorate | C25: HH Governorate Serial
A29: Details of Visits
A30: Visit No. | B30: Date of Visit | C30: Visiting Time | E30: Visit Result | F30: 4) Visit Result Option | I30: 5) If household has moved, the new address is:
C31: From | D31: To | F31: 1) Questionnaire completely applied
A32: First Visit | F32: 2) Questionnaire partially applied | H32: In Egypt | L32: abroad
A33: Second Visit | F33: 3) Household members refused
A34: Third Visit | F34: 4) Family not available | H34: City/town | J34: Village/hamlet | K34: Governorate | L34: Country
F35: 5) HH has moved
J36: Street address in details: -------
A37: Data Collection | G37: Data Processing | J37: ------------------------------------------
A38: Title | B38: Name | C38: Signature | D38: Code | F38: Title | G38: Name | H38: Signature | I38: Code | J38: telephone: ----------------
A39: Researcher | F39: Coding
A40: Reviewer | F40: Coding Review | J40: source of address:
A41: Supervisor | F41: Data Entry | J41: 1. Current Occupant
A42: Office Review | F42: Data Entry Review | J42: 2. Neighbor
A44: * to be coded at office

Sheet 0.1
B1: Chapter 0 Household Questionnaire
B2: Section 0.1 Basic Characteristics
B3: Applies to All current members of the HH, data to be collected from most knowledgeable person
B4: 0101 | C4: 0102 | D4: 0103 | G4: 0104 | H4: 0105 | I4: 0106 | J4: 0107 | K4: 0108 | L4: 0109 | M4: 0110 | N4: 0111 | O4: 0112 | P4: 0113 | Q4: 0114 | R4: 0115 | S4: 0116
A5: Individual Code | B5: Sex | C5: Relationship to Head of the HH? | D5: Date of birth | G5: Age | H5: Individual ID code in 1998 survey | I5: Does this individual live here all the time? | J5: Does this individual come home at least once a week? | K5: Martial status ( males 18 years or more ; females 16 years or more) | L5: Is the spouse around in the Household? | M5: Individual code of spouse | N5: Year of first marriage | O5: Age at first marriage | P5: Does this individual's father live in the same house? | Q5: Father’s code number | R5: Does this individual's mother live in the same house? | S5: Mother’s code
B6: 1. Male | C6: 1. head | K6: 1. less than minimum age | P6: 1. Yes | R6: 1. Yes
B7: 2. Female | C7: 2. spouse | K7: 2. never married | P7: 2. No --> | R7: 2. No -->
C8: 3. son/daughter | I8: 1. Yes --> | J8: 1. Yes | K8: 3. contractually Married | L8: 1. Yes | P8: =R4 -> 0115 | R8: next individual
C9: 4. grandchild | I9: =K4 -> 0108 | K9: --> 0113 | L9: 2. No -->
C10: 5. parent | I10: 2. No | J10: 2. No | K10: 4. married | L10: =N4 -> 0111
C11: 6. brother/sister | G11: If < 1 year | K11: 5. divorced --->
C12: 7. nephew/niece | G12: write zero | K12: =N4 -> 0111
C13: 8. son or daughter in law | K13: 6. widowed(er) --->
C14: 9. brother/ sister in law | K14: =K12 -> 0111
C15: 10. father/mother in law | H15: Interviewer: pls check the 1998 data sheet
C16: 11. servants/servants' relatives | H16: write zero if
C17: 12. other individuals | H17: individual was not
D18: Day | E18: Month | F18: Year | H18: included in 1998
A19: 1 | C19: 1. Head of the household
A20: 2
A21: 3
A22: 4
A23: 5
A24: 6
A25: 7
A26: 8
A27: 9
A28: 10
B31: Chapter 0 Household Questionnaire
B32: Section 0.1 Basic Characteristics
B33: Applies to All current members of the HH, data to be collected from most knowledgeable person
B34: 0101 | C34: 0102 | D34: 0103 | G34: 0104 | H34: 0105 | I34: 0106 | J34: 0107 | K34: 0108 | L34: 0109 | M34: 0110 | N34: 0111 | O34: 0112 | P34: 0113 | Q34: 0114 | R34: 0115 | S34: 0116
A35: Individual Code | B35: Sex | C35: Relationship to Head of the HH? | D35: Date of birth | G35: Age | H35: Individual ID code in 1998 survey | I35: Does this individual live here all the time? | J35: Does this individual come home at least once a week? | K35: Martial status ( males 18 years or more ; females 16 years or more) | L35: Is the spouse around in the Household? | M35: Individual code of spouse | N35: Year of first marriage | O35: Age at first marriage | P35: Does this individual's father live in the same house? | Q35: Father’s code number | R35: Does this individual's mother live in the same house? | S35: Mother’s code
B36: 1. Male | C36: 1. head | K36: 1. less than minimum age | P36: 1. Yes | R36: 1. Yes
B37: 2. Female | C37: 2. spouse | K37: 2. never married | P37: 2. No --> | R37: 2. No -->
C38: 3. son/daughter | I38: 1. Yes --> | J38: 1. Yes | K38: 3. contractually Married | L38: 1. Yes | P38: =R34 -> 0115 | R38: next individual
C39: 4. grandchild | I39: =K34 -> 0108 | K39: --> 0113 | L39: 2. No -->
C40: 5. parent | I40: 2. No | J40: 2. No | K40: 4. married | L40: =N34 -> 0111
C41: 6. brother/sister | G41: If < 1 year | K41: 5. divorced --->
C42: 7. nephew/niece | G42: write zero | K42: =N34 -> 0111
C43: 8. son or daughter in law | K43: 6. widowed(er) --->
C44: 9. brother/ sister in law | K44: =K42 -> 0111
C45: 10. father/mother in law | H45: Interviewer: pls check the 1998 data sheet
C46: 11. servants/servants' relatives | H46: write zero if
C47: 12. other individuals | H47: individual was not
D48: Day | E48: Month | F48: Year | H48: included in 1998
A49: 11 | C49: 1. Head of the household
A50: 12
A51: 13
A52: 14
A53: 15
A54: 16
A55: 17
A56: 18
A57: 19
A58: 20

Sheet 0.2
B1: Chapter 0 Household Questionnaire | N1: Chapter 0 Household Questionnaire
B2: Section 0.2 Basic Characteristics | N2: Section 0.2 Basic Characteristics
B3: Applies to HH members who lived in HH in November 1998 but no longer live in the HH
B4: Interviewer: Please check the 1998 datasheet for validation | F4: Does NOT apply to split HHs or to HHs in the refresher sample
B6: 0201 | C6: were there individuals who lived in the hh in 1998 but are no longer there? | H6: 1) Yes | I6: 2) No ----> next section
V7: To be filled in collaboration with the supervisor
B8: 0202 | C8: 0203 | D8: 0204 | E8: 0205 | F8: 0206 | G8: 0207 | H8: 0208 | I8: 0209 | K8: 0210 | N8: 0211 | O8: 0212 | P8: 0213 | V8: 0214
A9: Individual ID Code in 1998 Survey | B9: Name (Including any nickname) | C9: Sex | D9: Age (in years) in previous survey | E9: Relationship to Head of the HH in 1998 | F9: Was [Name] a member of this household for at least 6 months during the last year? | G9: Why is [Name] no longer living in this HH? | H9: Why did [Name] move out of this HH? | I9: When did [Name] move? | K9: When did [Name] die? | M9: Individual ID Code in 1998 Survey | N9: Where does [Name] live now? | O9: Is [Name] living in an institutional living arrangement, such as a prison, a university or factory dormitory or a retirement home? | P9: Current full address of [Name] | V9: Was the team able to find the new HH for this individual (excludes those abroad)
E10: 1. head | N10: 1. Same dwelling unit but separate HH | V10: 1) Yes
E11: 2. spouse | N11: --> 214 | V11: 2) Yes- through a team in
C12: 1. Male | E12: 3. son/daughter | F12: 1. Yes | G12: 1. Moved | H12: 1. Employment | N12: 2. Same village/hamlet | O12: 1. Yes | V12: another governorate
C13: 2. Female | E13: 4. grandchild | G13: 2. Set up own | H13: 2. Marriage | N13: 3. Different village/hamlet | O13: 2. No | V13: 3) No- incorrect address
E14: 5. parent | F14: 2. No | G14: household in | H14: 3. Schooling | N14: same governorate | O14: 3. Don't know. | V14: 4) No-individual refused
E15: 6. brother/sister | G15: the same | H15: 4. Moved out with family | N15: 4. Different governorate
E16: 7. nephew/niece | G16: dwelling | H16: 5. Divorce/separation | I16: --> | K16: Next person | N16: 5. Different country
E17: 8. son/daughter in law | G17: 3. Died --> | H17: 6. Other | I17: =N8 -> 0211 | N17: 6. Unknown
E18: 9. brother/ sister in law | G18: 0210 | H18: 7. Unknown
E19: 10. father/mother in law
E20: 11. servants/ servants' relatives
E21: 12. other individuals
B24: interviewer Review the name list in the previous section to ensure that the name recorded is not a HH member | F24: If "yes", the individual is a HH member and should be added to the previous section and the interviewer should move to other individuals | O24: If answer is "1" or "3", move to the next section | P24: In Egypt | U24: Abroad
I25: month | J25: year | K25: month | L25: year | P25: village/hamlet | Q25: city/town | R25: governorate | S25: street address | T25: Tel. # | U25: country

Sheet 0.3
A1: Chapter 0 Household Questionnaire
A2: Section 0.3 Housing, Services & Facilities
A3: To be collected from head of the household
A4: and recorded in the box below the question no. box (except for questions 0312 & 0313) | M4: 0313
A5: 0301 | B5: Ownership status of dwelling | E5: 0307 | F5: Source of water supply | M5: Length of one way journey and mode of transport to the nearest:
B6: 1. owned, totally paid for | F6: 1. tap water
B7: 2. owned, paying instalments | F7: 2. pump/ closed well | N7: Means of transport | O7: Duration of of a one-way trip
B8: 3. rent, unfurnished | F8: 3. open well | N8: المعتادة
B9: 4. rent, furnished | F9: 4. outside tap | M9: 1. primary school
B10: 5. rent, new law | F10: 5. river or stream | M10: 2. preparatory school
B11: 6. Fringe benefit/grant | F11: 6. water seller | M11: 3. secondary school
A12: 0302 | B12: Number of rooms, | F12: 7. other | M12: 4. health unit
B13: including the reception | M13: 5. hospital
E14: 0308 | F14: Waste (refuse) disposal | M14: (use the following codes)
F15: 1. public refuse collector | M15: 1. walk
A16: 0303 | B16: Total area of the inside of | F16: 2. private refuse collector | M16: 2. public transport
B17: the dwelling unit in square meter | F17: 3. dump | M17: 3. microbus
F18: 4. burn or bury | M18: 4. taxi
F19: 5. used as fertiliser | M19: 5. Motorcycle
F20: 6. throw in road or stream | M20: 6. bicycle
F21: 7. other | M21: 7. private car
A22: 0304* | B22: Material of inside walls | M22: 8. different modes (more than one)
B23: 1. brick, stone and concrete | E23: 0309 | F23: Do you have a telephone? | M23: 9. other (pls mention)
B24: 2. brick, stone and mud | F24: 1. yes | M24: 10. toc-toc
B25: 3. wood & tree branches | F25: 2. No
B26: 4. reinforced concrete
B27: 5. mud bricks | E27: 0310 | F27: What type of sanitation facilities does the family have?
B28: 6. other material | F28: 1. toilet connected to public network - inside house
B29: 7. no walls | F29: 2. toilet connected to tank- inside house
F30: 3. shared toilet connected to public network - inside building
A31: 0305* | B31: Material of floor | F31: 4. shared toilet connected to tank - inside building
B32: 1. mud | F32: 5. public toilet
B33: 2. parquet/ wooden | F33: 6. no toilet
B34: 3. brick or stone
B35: 4. tiles or cement | E35: 0311 | F35: Source of illumination
B36: 5. other | F36: 1. electricity
F37: 2. gas / oil / kerosene
A38: 0306* | B38: Material of roof | F38: 3. electric generator
B39: 1. straw | F39: 4. other
B40: 2. mud
B41: 3. wood | E41: 0312 | F41: Ownership, cultivation and area of agricultural land*
B42: 4. steel ( galvanised) | J42: Feddan | K42: Qiraat
B43: 5. reinforced concrete | F43: 1. owned and cultivated by yourself
B44: 6. tiles | F44: 2. owned and rented out
B45: 7. other | F45: 3. owned but not used
F46: (neither rented out nor cultivated)
F47: 4. rented in for cultivation
F48: 5. rented in but not cultivated
F49: * write zero if does not own or rent agric. land

Sheet 0.4
A1: Chapter 0 Household Questionnaire
A2: Section 0.4 Consumer Durable Goods
A3: Does your family own any of the following items?
C4: 0401 | D4: 0402 | E4: 0403 | F4: 0404 | G4: 0405 | H4: 0406
A5: Item | C5: 1. Yes 2. No ----> next item | D5: How many units of this item does the family own? | E5: Was this item brought to the household at the time of marriage (even if renovated)? 1. Yes 2. No (in the case of multiple units, the question applies to the unit first acquired) | F5: Which individual brought this item to the household? (Record the individual code-write 99 if s/he is not a HH member, write 88 if the item is bought in partnership and if the item is brought as a gift, record the code of the individual closer to the gift-giver) | G5: Is this item being reserved for the marriage of household members? 1. Yes 2. No --> next item | H5: Which household member is this item being reserved for? (Record the individual code.)
A6: 1. fridge
A7: 2. freezer
A8: 3. dishwasher
A9: 4. coloured TV
A10: 5. B&W TV
A11: 6. video
A12: 7. air condition
A13: 8. microwave
A14: 9. cooker/stove
A15: 10. kerosene cooker (Babour gas)
A16: 11. electric fan
A17: 12. water heater
... A32: 27. toc-toc

Sheet Flip
B3: 0100
B4: Members of the Household
A5: Individual Code
A18: 1
A19: 2
A20: 3
A21: 4
A22: 5
A23: 6
A24: 7
A25: 8
A26: 9
A27: 10
B31: 0100
B32: Members of the Household
A33: Individual Code
A45: 10
A46: 11
A47: 12
A48: 13
A49: 14
A50: 15
A51: 16
A52: 17
A53: 18
A54: 19
A55: 20

Sheet Cover (2)
A1: CAPMAS in cooperation with Economic Research Forum | K1: Questionnaire No. 2
A2: Egypt Labor Market Panel Survey (2006)
A3: Individual Questionnaire Cover
G5: Information given is for Research Purpose
G6: Details on Individuals are Confidential by Law
A8: Governorate | C8: City/town | D8: Village/hamlet | E8: 1) Urban | F8: Serial number of HH in hamlet/village* | G8: Serial number of HH in hamlet/village
E9: 2) Rural
A11: Code* | C11: Code* | D11: Code* | E11: Code*
A13: Details of Visits
A14: Individual Code (2006) | B14: Names of individuals interviewed in this questionnaire (6 years old and above) | E14: Date of Visit | F14: Time of Visit | H14: Result of Visit | I14: Is data collected from the individual him/herself 1)Yes 2)No | J14: If "No": Name of interviewed person and code | K14: Visit Result Option
F15: From | G15: To | K15: 1) Questionnaire completely applied
K16: 2) Questionnaire partially applied
K17: 3) Household members refused
K18: 4) Family not available
K19: 5) Other (please state)
A21: No. of applied questionnaires:…………………………………………. | F21: HH serial in the dwelling unit:……………..
A26: Data Collection | G26: Data Processing
A27: Title | B27: Name | C27: Signature | D27: Code | G27: Title | H27: Name | I27: Signature | J27: Code
A28: Researcher | G28: Coding
A29: Reviewer | G29: Coding Review
A30: Supervisor | G30: Data Entry
A31: Office Review | G31: Data Entry Review
A33: * to be coded at office

Sheet 1.1
B1: Chapter 1 Parents' and Siblings' Characteristics
B2: Section 1.1 Father's Characteristics
B3: Apply to members of HHs 6 years old and above whose father is absent
B4: 1101 | C4: 1102 | D4: 1103 | F4: 1104 | G4: 1105
A5: Individual Code | B5: Is your father currently present in the HH | C5: What is your father’s highest educational certificate? | D5: What was/is his main prevalent waged status when you were 15 years? (if individual is less than 15 years old, s/he should be asked about father's current work. If father died before individual reached 15, s/he should be asked about father's last work) | E5: Father’s occupation | G5: Sector of father's job
B6: 1. Yes --> | C6: 1. illiterate | D6: 1. waged in regular job | G6: 1. government
B7: next section | C7: 2. read & write | D7: 2. waged in irregular job | G7: 2. public enterprise
B8: 2. No | C8: 3. primary | D8: 3. employer | G8: 3. private
C9: 4. preparatory | D9: 4. self employed | G9: 4. investment
C10: 5. general/technical secondary | D10: 5. work for family - non-waged | G10: 5. foreign
C11: 6. Above intermediate | D11: 6. no job -----> | G11: 6. non-profitable, non-governmental organisation
C12: 7. higher institute | D12: ='1.2'!B4 -> 1201 | G12: 7. other including co-operatives
C13: 8. university
C14: 9. post graduate
B19: Check
B20: 0113

Sheet 1.2
B1: Chapter 1 Parents' and Siblings' Characteristics | C1: Chapter 1 Parents' and Siblings' Characteristics
B2: Section 1.2 Mother's Characteristics
B3: Apply to members of HHs 6 years old and above whose mother is absent
B4: 1201 | C4: 1202 | D4: 1203 | F4: 1204 | G4: 1205
A5: Individual Code | B5: Is your mother currently present in the HH | C5: What is your mother’s highest educational certificate? | D5: What was/is her main prevalent waged status when you were 15 years? (if individual is less than 15 years old, s/he should be asked about mother's current work. If mother died before individual reached 15, s/he should be asked about mother's last work) | E5: Mother’s occupation | G5: Sector of mother's job
B6: 1. Yes --> | C6: 1. illiterate | D6: 1. waged in regular job | G6: 1. government
B7: next section | C7: 2. read & write | D7: 2. waged in irregular job | G7: 2. public enterprise
B8: 2. No | C8: 3. primary | D8: 3. employer | G8: 3. private
C9: 4. preparatory | D9: 4. self employed | G9: 4. investment
C10: 5. general/technical secondary | D10: 5. work for family - non-waged | G10: 5. foreign
C11: 6. Above intermediate | D11: 6. no job -----> | G11: 6. non-profitable, non-governmental organisation
C12: 7. higher institute | D12: ='1.3'!B4 -> 1301 | G12: 7. other including co-operatives
C13: 8. university
C14: 9. post graduate
B19: Check
B20: 0115

Sheet 1.3
B1: Chapter 1 Parents' and Siblings' Characteristics
B2: Section 1.3 Number of Siblings (whether present or absent)
B3: Apply to all members of HHs 6 years old and above
B4: 1301 | D4: 1302 | E4: 1303 | G4: 1304 | H4: 1305
A5: Individual Code | B5: How many living brothers/sisters do you have? | D5: Did any of your brothers/sisters die? | E5: How many brothers/sisters died? | G5: Did any of these die before the age of 5? | H5: How many brothers/sisters died before they were 5 years old?
D8: 1. Yes | G8: 1. Yes
D9: 2. No --> 2001 | G9: 2. No --> 2001
B24: brothers | C24: sisters | E24: brothers | F24: sisters | H24: brothers | I24: sisters

Sheet 2.0
B1: Chapter 2 Education | J1: Chapter 2 Education | T1: Chapter 2 Education | AF1: Chapter 2 Education | AT1: Chapter 2 Education | BD1: Chapter 2 Education | BN1: Chapter 2 Education | CD1: Chapter 2 Education | CQ1: Chapter 2 Education
B2: Apply to individuals 6 years and above. | AW2: Those attending school at present | CW2: Reading, Writing and Numeracy Skills
B3: 2001 | C3: 2002 | E3: 2003 | G3: 2004 | H3: 2005 | J3: 2006 | K3: 2007 | L3: 2008 | M3: 2009 | N3: 2010 | O3: 2011 | P3: 2012 | Q3: 2013 | R3: 2014 | S3: 2015 | T3: 2016 | U3: 2017 | V3: 2018 | W3: 2019 | X3: 2020 | Y3: 2021 | Z3: 2022 | AA3: 2023 | AB3: 2024 | AE3: 2025 | AF3: 2026 | AH3: 2027 | AI3: 2028 | AK3: 2029 | AL3: 2030 | AN3: 2031 | AO3: 2032 | AQ3: 2033 | AR3: 2034 | AT3: 2035 | AU3: 2036 | AV3: 2037 | AW3: 2038 | AY3: 2039 | AZ3: 2040 | BA3: 2041 | BB3: 2042 | BC3: 2043 | BD3: 2044 | BE3: 2045 | BF3: 2046 | BG3: 2047 | BH3: 2048 | BI3: 2049 | BJ3: 2050 | BK3: 2051 | BL3: 2052 | BM3: 2053 | BN3: 2054 | BO3: 2055 | BP3: 2056 | BQ3: 2057 | BR3: 2058 | BU3: 2059 | BV3: 2060 | BX3: 2061 | BY3: 2062 | CA3: 2063 | CB3: 2064 | CD3: 2065 | CE3: 2066 | CG3: 2067 | CH3: 2068 | CI3: 2069 | CJ3: 2070 | CK3: 2071 | CL3: 2072 | CM3: 2073 | CN3: 2074 | CO3: =CN3+1 -> 2075 | CP3: =CO3+1 -> 2076 | CQ3: 2077 | CR3: 2078 | CS3: 2079 | CT3: 2080 | CU3: 2081 | CV3: 2082 | CW3: 2083 | CX3: 2084 | CY3: 2085 | CZ3: 2086 | DA3: 2087 | DB3: 2088
A4: Individual Code | B4: Did you go to school? | C4: Why didn’t you go to school? (mention the two most important reasons) | E4: How did you leave school? (mention the two most important reasons) | G4: Interviewer: Is the respondent under 30? | H4: Year of schooling and stage of education attended in your last year of schooling | J4: Secondary School: What is the name of your secondary school? | K4: What type of secondary school did you attend? | L4: In the case of 3-year or 5-year technical education: what is your specialisation (e.g., weaving, welding..) | M4: Were there computers available for your use in your secondary school? | N4: Did your secondary school work in shifts? | O4: Were students subject to physical punishment in your secondary school? | P4: Preparatory School: What is the name of your preparatory school? | Q4: What type of preparatory school did you attend? | R4: Were there computers available for your use in your preparatory school? | S4: Did your preparatory school work in shifts? | T4: Were students subject to physical punishment in your preparatory school? | U4: Primary School: What is the name of your primary school? | V4: What type of primary school did you attend? | W4: Were there computers available for your use in your primary school? | X4: Did your primary school work in shifts? | Y4: Were students subject to physical punishment in your primary school? | Z4: Did you repeat any grades while in school? | AA4: How many grades did you repeat in total? | AB4: How many grades did you repeat in each of the three stages? | AE4: Did you interrupt your education for a period of more than six months and return to it ? | AF4: How many times did you interrupt school for a period of more than six months? | AH4: How long was the third interruption (in years)? | AI4: In what year and what stage was your third interruption? | AK4: How long was the second interruption (in years)? | AL4: In what year and what stage was your second interruption? | AN4: How long was the first (or only) interruption (in years)? | AO4: In what year and what stage was your first (or only) interruption? | AQ4: Did you ever take any private lessons or participated in after group help groups while in school? | AR4: Year of schooling and stage of education attended in your last year of schooling | AT4: Age when completed or dropped-out of schooling | AU4: Highest educational degree attained | AV4: Specialization of last educational degree | AW4: Year of schooling and stage of education during last year | AY4: Secondary School: What is the name of your secondary school? | AZ4: What type of secondary school did you attend? | BA4: Were there computers available for your use in your secondary school? | BB4: Did your secondary school work in shifts? | BC4: Were students subject to physical punishment in your secondary school? | BD4: In the case of 3-year or 5-year technical education: what is your specialisation (e.g., weaving, welding..) | BE4: Preparatory School: What is the name of your preparatory school? | BF4: What type of preparatory school did you attend? | BG4: Were there computers available for your use in your preparatory school? | BH4: Did your preparatory school work in shifts? | BI4: Were students subject to physical punishment in your preparatory school? | BJ4: Primary School: What is the name of your primary school? | BK4: What type of primary school did you attend? | BL4: Were there computers available for your use in your primary school? | BM4: Did your primary school work in shifts? | BN4: Were students subject to physical punishment in your primary school? | BO4: How many hours do you now spend daily at school? | BP4: Did you repeat any grades while in school? | BQ4: How many grades did you repeat in total? | BR4: How many grades did you repeat in each of the three stages? | BU4: Did you interrupt your education for a period of more than six months and return to it ? | BV4: How many times did you interrupt school for a period of more than six months? | BX4: How long was the third interruption (in years)? | BY4: In what year and what stage was your third interruption? | CA4: How long was the second interruption (in years)? | CB4: In what year and what stage was your second interruption? | CD4: How long was the first interruption (in years)? | CE4: In what year and what stage was your first interruption? | CG4: Did you have any private lessons last year? | CH4: Why did you take private lessons rather than just rely on after school help groups? | CI4: How many subjects did you take private lessons in? | CJ4: On average, how much did a lesson cost you per hour? | CK4: Over what interval did you take private lessons ? | CL4: How much did these lessons cost you for the whole year? | CM4: Were any of these lessons taught by one of your classroom teachers in school? | CN4: Did you go to any (after school) help group last year? | CO4: How many subjects did you participate in after school help groups for? | CP4: On average, how much did a lesson cost you per hour? | CQ4: How much did the help group cost you for the whole year? | CR4: Were any of the help group taught by one of your classroom teachers in school? | CS4: Does a parent, sibling or relative help you with your studies? | CT4: Which relative is providing you with help in your studies? | CU4: Did you have any private lessons or participate in help groups in previous years? | CV4: Can you read a newspaper or letter? | CW4: Can you write a letter? | CX4: Can you do a simple arithmetic problem (addition or subtraction)? | CY4: Have you ever joined a class/ session of “eradicating illiteracy” program? | CZ4: Did you receive a certificate from the “eradicating illiteracy” Program? | DA4: Year of obtaining certificate? | DB4: Did you go to traditional elementary schools (kuttab)?
B5: 1. never been | C5: 1. no available school | E5: 1. completed education | H5: 1. primary --------> | I5: 2017 | K5: 1. public (regular) | M5: 1. everyday | N5: 1. Yes (2 shifts) | O5: 1. everyday | Q5: 1. public (regular) | R5: 1. everyday | S5: 1. Yes (2 shifts) | T5: 1. everyday | V5: 1. public (regular) | W5: 1. everyday | X5: 1. Yes (2 shifts) | Y5: 1. everyday | Z5: 1. Yes | AE5: 1. Yes | AF5: 1. once --> | AG5: 2031 | AI5: 1. primary | AL5: 1. primary | AO5: 1. primary | AQ5: 1. Yes, private lessons | AR5: 1. primary | AU5: 1. nothing --> | AW5: 1. under school age ----> | AX5: ='3.0'!B4 -> 3001 | AZ5: 1. public (regular) | BA5: 1. everyday | BB5: 1. Yes (2 shifts) | BC5: 1. everyday | BF5: 1. public (regular) | BG5: 1. everyday | BH5: 1. Yes (2 shifts) | BI5: 1. everyday | BK5: 1. public (regular) | BL5: 1. everyday | BM5: 1. Yes (2 shifts) | BN5: 1. everyday | BP5: 1. Yes | BU5: 1. Yes | BV5: 1. once --> | BW5: 2065 | BY5: 1. primary | CB5: 1. primary | CE5: 1. primary | CH5: 1. help group not offered in my school or community | CK5: 1. Throughout the entire year | CM5: 1. Yes | CN5: 1. Yes | CR5: 1. Yes | CS5: 1. Yes | CT5: 1. mother | CU5: 1. Yes, private lessons
B6: 2. have been to school in the past ---> | C6: 2. expensive | E6: 2. no available schools for further education | H6: 2. preparatory --------> | I6: 2012 | K6: 2. public (experimental) | M6: 2. frequently | N6: 2. Yes (3 shifts) | O6: 2. frequently | Q6: 2. public (experimental) | R6: 2. frequently | S6: 2. Yes (3 shifts) | T6: 2. frequently | V6: 2. public (experimental) | W6: 2. frequently | X6: 2. Yes (3 shifts) | Y6: 2. frequently | Z6: 2. No --------> | AE6: 2. No --------> | AF6: 2. twice --> | AG6: 2029 | AI6: 2. preparatory | AL6: 2. preparatory | AO6: 2. preparatory | AQ6: 2. Yes, after school help groups | AR6: 2. preparatory | AU6: 2082 | AW6: 2. primary ----> | AX6: 2050 | AZ6: 2. public (experimental) | BA6: 2. frequently | BB6: 2. Yes (3 shifts) | BC6: 2. frequently | BF6: 2. public (experimental) | BG6: 2. frequently | BH6: 2. Yes (3 shifts) | BI6: 2. frequently | BK6: 2. public (experimental) | BL6: 2. frequently | BM6: 2. Yes (3 shifts) | BN6: 2. frequently | BP6: 2. No --------> | BU6: 2. No --------> | BV6: 2. twice --> | BW6: 2063 | BY6: 2. preparatory | CB6: 2. preparatory | CE6: 2. preparatory | CH6: 2. help group offered but not in the subjects I need help with | CK6: 2. Last six months | CM6: 2. No | CN6: 2. No ---> | CR6: 2. No | CS6: 2. No | CT6: 2. father | CU6: 2. Yes, after school help groups
B7: =E3 -> 2003 | C7: 3. too far | E7: 3. cost of school fees & uniform | H7: 3. general secondary | K7: 3. private (regular) | M7: 3. sometimes | N7: 3. No (1 shift) | O7: 3. sometimes | Q7: 3. private (regular) | R7: 3. sometimes | S7: 3. No (1 shift) | T7: 3. sometimes | V7: 3. private (regular) | W7: 3. sometimes | X7: 3. No (1 shift) | Y7: 3. sometimes | Z7: 2025 | AE7: =AQ3 -> 2033 | AF7: 3. three or more times | AI7: 3. general secondary | AL7: 3. general secondary | AO7: 3. general secondary | AQ7: 3, Yes, both | AR7: 3. general secondary | AU7: 2. primary --> | AW7: 3. preparatory ----> | AX7: 2045 | AZ7: 3. private (regular) | BA7: 3. sometimes | BB7: 3. No (1 shift) | BC7: 3. sometimes | BF7: 3. private (regular) | BG7: 3. sometimes | BH7: 3. No (1 shift) | BI7: 3. sometimes | BK7: 3. private (regular) | BL7: 3. sometimes | BM7: 3. No (1 shift) | BN7: 3. sometimes | BP7: 2059 | BU7: 2067 | BV7: 3. three or more times | BY7: 3. general secondary | CB7: 3. general secondary | CE7: 3. general secondary | CG7: 1. Yes | CH7: 3. help group offered but not as good as private lessons | CK7: 3. Last three months | CN7: 2079 | CS7: ----> | CT7: 3. both | CU7: 3, Yes, both | CV7: 1. Yes | CW7: 1. Yes | CX7: 1. Yes | CY7: 1. Yes | CZ7: 1. Yes | DB7: 1. Yes
B8: 3. studying at present ----> | C8: 4. had to help at home | E8: 4. cost of private tuition | H8: 4. technical secondary- 3years | K8: 4. private ( language) | M8: 4. rarely | O8: 4. rarely | Q8: 4. private ( language) | R8: 4. rarely | T8: 4. rarely | V8: 4. private ( language) | W8: 4. rarely | Y8: 4. rarely | AI8: 4. technical secondary-3 year | AL8: 4. technical secondary-3 year | AO8: 4. technical secondary-3 year | AQ8: 4. Neither | AR8: 4. technical secondary-3 year | AU8: 2082 | AW8: 4. general secondary | AZ8: 4. private ( language) | BA8: 4. rarely | BC8: 4. rarely | BF8: 4. private ( language) | BG8: 4. rarely | BI8: 4. rarely | BK8: 4. private ( language) | BL8: 4. rarely | BN8: 4. rarely | BY8: 4. technical secondary- 3year | CB8: 4. technical secondary- 3year | CE8: 4. technical secondary- 3year | CG8: 2. No ---> | CH8: 4. other reasons | CK8: 4. Last month | CS8: 2081 | CT8: 4. older brother/sister | CU8: 4. Neither | CV8: 2. No | CW8: 2. No | CX8: 2. No | CY8: 2. No | CZ8: 2. No ---> | DB8: 2. No
B9: 2038 | C9: 5. had to work outside the family | E9: 5. too far | G9: 1. Yes, under 30 | H9: 5. technical secondary-5 years | K9: 5. religious (Azhary) | M9: 5. never | O9: 5. never | Q9: 5. religious (Azhary) | R9: 5. never | T9: 5. never | V9: 5. religious (Azhary) | W9: 5. never | Y9: 5. never | AI9: 5. technical secondary-5 year | AL9: 5. technical secondary-5 year | AO9: 5. technical secondary-5 year | AR9: 5. technical secondary-5 year | AU9: 3. preparatory | AW9: 5. technical secondary- 3year | AZ9: 5. religious (Azhary) | BA9: 5. never | BC9: 5. never | BF9: 5. religious (Azhary) | BG9: 5. never | BI9: 5. never | BK9: 5. religious (Azhary) | BL9: 5. never | BN9: 5. never | BY9: 5. technical secondary- 5 year | CB9: 5. technical secondary- 5 year | CE9: 5. technical secondary- 5 year | CG9: 2074 | CK9: 5. Intermittently | CT9: 5. other relative | CZ9: 2088
C10: 6. had to help with the family’s work | E10: 6. had to help at home | G10: 2. No, 30 and above --------> | H10: 6. above intermediate | K10: 6. other | M10: 6. does not apply | Q10: 6. other | R10: 6. does not apply | V10: 6. other | W10: 6. does not apply | AI10: 6. above intermediate | AL10: 6. above intermediate | AO10: 6. above intermediate | AR10: 6. above intermediate | AU10: 4. general secondary | AW10: 6. technical secondary- 5 year | AZ10: 6. other | BF10: 6. other | BK10: 6. other | BY10: 6. above intermediate | CB10: 6. above intermediate | CE10: 6. above intermediate
C11: 7. passed the age of joining school | E11: 7. had to work outside the family | G11: 2033 | H11: 7. university | AI11: 7. university | AL11: 7. university | AO11: 7. university | AR11: 7. university | AU11: 5. technical secondary- 3year | AW11: 7. above intermediate | BY11: 7. university | CB11: 7. university | CE11: 7. university | CU11: ---> | DB11: --->
C12: 8. all teachers were male | E12: 8. had to help with the family’s work | H12: 8. post graduate | AU12: 6. technical secondary- 5 year | AW12: 8. university | CU12: Next chapter | DB12: Next chapter
C13: 9. parents did not want to | E13: 9. all teachers are males | AU13: 7. above intermediate | AV13: ----> | AW13: 9. post graduate
C14: 10. individual not wanting to | E14: 10. parents did not want to | AO14: --------> | AU14: 8. university | AV14: ='3.0'!B4 -> 3001
C15: 11. traditions and culture | E15: 11. individual not wanting to complete schooling | AO15: =AQ3 -> 2033 | AU15: 9. post graduate
C16: 12. do not know | E16: 12. maltreatment of teachers
C17: 13. other (mention) | E17: 13. repetitive failure
C18: ----> | E18: 14. behavioural reasons
C19: 2082 | E19: 15. to prevent mixing with the opposite sex
E20: 16. marriage
E21: 17. other
E22: 18. do not know
C23: main reason | D23: secondary reason | E23: main Reason | F23: secondary reason | H23: year | I23: stage | AB23: primary | AC23: preparatory | AD23: secondary | AI23: year | AJ23: stage | AL23: year | AM23: stage | AO23: year | AP23: stage | AR23: year | AS23: stage | AV23: certificate code | AW23: year | AX23: stage | BR23: primary | BS23: preparatory | BT23: secondary | BY23: year | BZ23: stage | CB23: year | CC23: stage | CE23: year | CF23: stage

Sheet 3.0
B1: Chapter 3 Migration
B2: Apply to individuals 15 years of age and above
B4: 3001 | H4: 3002 | P4: 3003
A5: Individual Code | B5: Location of birth place | H5: What was you previous location | P5: What was the location prior to your previous location?
H6: In Egypt | L6: Abroad | N6: year departed | P6: In Egypt | T6: Abroad | V6: year departed
B7: governorate | C7: city/ town | D7: village/ hamlet | E7: urban/rural | F7: Did you change your location since birth | G7: Year departed | H7: governorate | I7: city/ town | J7: village/ hamlet | K7: urban/rural | L7: country | O7: Did you reside somewhere else before this location and your place of birth? | P7: governorate | Q7: city/ town | R7: village/ helmet | S7: urban/rural | T7: country
E8: 1. urban | F8: 1. yes | K8: 1. urban | O8: 1. Yes | S8: 1. urban
E9: 2. rural | F9: 2. no --> | K9: 2. rural | O9: 2. No ---> | S9: 2. rural
F10: next | O10: Next section
F11: section
O18: Note: Moving from
O19: town to town is
O20: counted as move

Sheet 4.1
B1: Chapter 4 Employment and Unemployment
B2: Section 4.1 Employment during the past seven days
B3: Apply to all individuals in HH 6 years old and above
B4: 4101 | C4: 4102 | P4: 4103 | Q4: 4104 | R4: 4105 | S4: 4106 | U4: 4107 | V4: 4108 | W4: 4109
A5: Individual Code | B5: Did you participate in any employment during the past seven days? | C5: Did you participate in one of the following activities during the past seven days with the purpose of sales/marketing/earning wage/helping in a family business (even if for a short period or irregularly)? (Interviewer should take into consideration the socioeconomic status of the HH as well as the differences between urban and rural areas) 1. Yes 2. No | P5: Did you want and were you ready to work during that period? | Q5: Reasons for not wanting to work | R5: How many days have you actually worked, consecutive or not, during the past seven days? | S5: What is the number of hours of work (on average)? | U5: If worked less than 40 hours, what is the reason for working less than 40 hours? | V5: Have you changed your main job during the past three months? | W5: Is your job during the past week the longest main job during the past three months?
B6: 1. Yes | C6: a. agricultural work (e.g., harvesting, cutting clover, irrigation) | P6: 1. Yes | Q6: 1. housewife | U6: 1. job circumstances require that | V6: 1. Yes | W6: 1. Yes
B7: ----> | C7: b. raising poultry/livestock | P7: ----> | Q7: 2. full time student | U7: 2. no work available the rest of the days | V7: 2. No ---> | W7: 2. No -->
B8: =R4 -> 4105 | C8: c. producing ghee/cheese/butter | P8: ='4.2'!B4 -> 4201 | Q8: 3. does not want to work | U8: 3. pay is not enough | V8: For males 17 years of age or older --> 4401 | W8: For males 17 years of age or older --> 4401
B9: 2. No | C9: d. collecting fuel/woodcutting | P9: 2. No | Q9: 4. retired, doesn’t work and | U9: 4. do not want to work the rest of the days | V9: All females and males below 17 --> 4301 | W9: All females and males below 17 --> 4301
C10: e. preparing food (e.g, vegetables) | Q10: does not want to work (< 65 years old) | U10: 5. temporary absence from work
C11: f. sewing/embroidery/crochet | Q11: 5. temporarily disabled | U11: while still attached to the job
C12: g. producing hey products/carpets/textile/ropes | Q12: 6. on unpaid leave for at least one year and doesn’t work | U12: 6. official number of hours is less than 40 per week
C13: h. offering services for others in a house/shop/hotel | Q13: 7. 65 years old or more and does not work | U13: 7. other
C14: i. independent paid work | Q14: 8. permanently disabled
C15: j .selling goods in the market/in the street/ at home | Q15: 9. other
C16: k. buying goods and reselling it yourself | Q16: For males 17 years of age or older --> 4401
C17: l. helping on countruction work
C18: m. learning a skill | Q18: All females and males below 17 --> 4301
C19: If answer on any is "YES" --> 4105
C20: a | D20: b | E20: c | F20: d | G20: e | H20: f | I20: g | J20: h | K20: i | L20: j | M20: k | N20: l | O20: m | R20: Day | S20: hr/day | T20: hr/week

Sheet 4.2
B1: Chapter 4 Employment and Unemployment
B2: Section 4.2 Unemployment
B3: Apply to those who answered yes to question 4103
B4: 4201 | C4: 4202 | F4: 4203 | G4: 4204 | T4: 4205 | U4: 4206 | V4: 4207 | W4: 4208 | Y4: 4209
A5: Individual Code | B5: Why have you NOT been working during the past seven days? (only the most important reason is chosen) | C5: How long have you been unemployed (last unemployment)? ( without referring to the past seven days or the past three months) | F5: Have you searched for job by registering in government employment office? | G5: Have you used any of the following methods in your job search during the past three months? | P5: Job search methods-continued | T5: Have you used a regular phone in job-hunting? | U5: Have you used a cell phone in job-hunting? | V5: Have you used a computer in job-hunting? | W5: How long have you been searching for employment? | Y5: Interviewer: If the answer is NO to all components of question 4202: What are the reasons for not looking for a job? (only the main reason)
G6: i | H6: ii | I6: iii | J6: iv | K6: v | L6: vi | M6: vii | N6: viii | O6: ix | P6: x | Q6: xi | R6: xii | S6: xiii | T6: In case of "yes" in any of the attempts
G7: register in a private office | H7: enter government job lottery competition | I7: send job application | J7: inquired at work location | K7: advertised in newspapers | L7: applied to a job advertised in newspapers | M7: asked friends or relatives for help | N7: contacted employer | O7: contacted contractor | P7: waited at gatherings locations | Q7: searched for private project (land, equipment) | R7: arranged to get finance for a private project | S7: other (Type None in case there isn't any) | Y7: 1. believe there are no jobs
B8: 1. no work available at all | C8: day | D8: week | E8: month | F8: 1. Yes- registered with an | T8: 1. Yes-personal tel. | U8: 1. Yes | V8: 1. Yes-connected to internet | Y8: 2. tired of looking for jobs
B9: 2. no suitable (to experience and degree) work available | F9: MoMP (ministry of manpower ) | G9: 1. Yes | H9: 1. Yes | I9: 1. Yes | J9: 1. Yes | K9: 1. Yes | L9: 1. Yes | M9: 1. Yes | N9: 1. Yes | O9: 1. Yes | P9: 1. Yes | Q9: 1. Yes | R9: 1. Yes | T9: 2. Yes-shared tel. | U9: 2. No | V9: 2. Yes-not connected to internet | Y9: 3. employers prefer males to females in hiring
B10: 3. no work with suitable pay | F10: employment office | G10: 2. No | H10: 2. No | I10: 2. No | J10: 2. No | K10: 2. No | L10: 2. No | M10: 2. No | N10: 2. No | O10: 2. No | P10: 2. No | Q10: 2. No | R10: 2. No | T10: 3.Yes-public tel. | V10: 3. No | Y10: 4. do not know an effective way to look for a job
B11: 4. no work in a suitable organisation/firm/… | F11: 2. registered with the ministry | T11: 4. No | Y11: 5. waiting for MoMP hiring
B12: 5. no work available with suitable location | F12: of managerial development | Y12: 6. no suitable job
B13: 6. Other | F13: 3. No | Y13: 7. do not have enough training or education
Y14: 8. because of studying
Y15: 9. do not need work
Y16: 10. health conditions do not allow
Y17: 11. family responsibilities
Y18: 12. opposition of a family member
Y19: 13. lack of personal connections (wasta)
Y20: 14. other
W21: weeks | X21: months

Sheet 4.3
B1: Chapter 4 Employment and Unemployment
B2: Section 4.3 Subsistence and Domestic Work
B3: Apply to male children 6 to 17 years of age and to females 6 years and above
B4: Interviewers: Now I would like to ask you about activities you undertook in the past seven days and the time that you spent on them.
B5: The interviewer should take into consideration the socioeconomic status of the HH as well as the differences between urban and rural areas
B7: 4301 | C7: 4302 | D7: 4303 | E7: 4304 | F7: 4305 | G7: 4306 | H7: 4307 | I7: 4308 | J7: 4309 | K7: 4310 | L7: 4311 | M7: 4312 | N7: 4313 | O7: 4314 | P7: 4315 | Q7: 4316 | R7: 4317 | S7: 4318 | T7: 4319 | U7: 4320 | V7: 4321 | W7: 4322 | X7: 4323 | Y7: 4324 | Z7: 4325 | AA7: 4326 | AB7: 4327 | AC7: 4328
A8: Individual Code | B8: Did you spend time on agricultural activities for the purpose of your own household consumption in the past seven days? | C8: How much time did you spend on it? | D8: Did you spend time raising poultry/livestock for the purpose of your own household consumption in the past seven days? | E8: How much time did you spend on it? | F8: Did you spend time producing ghee/butter/ cheese for the purpose of your own household consumption in the past seven days? | G8: How much time did you spend on it? | H8: Did you spend time cooking in the past seven days? | I8: How much time did you spend on it? | J8: Did you spend time washing dishes in the past seven days? | K8: How much time did you spend on it? | L8: Did you spend time doing laundry and ironing in the past seven days? | M8: How much time did you spend on it? | N8: Did you spend time cleaning your house in the past seven days? | O8: How much time did you spend on it? | P8: Did you spend time collecting water in the past seven days? | Q8: How much time did you spend on it? | R8: Did you spend time collecting firewood or other fuel in the past seven days? | S8: How much time did you spend on it? | T8: Did you spend time shopping for food, clothing, household items in the past seven days? | U8: How much time did you spend on it? | V8: Did you spend time helping in construction work for the household house in the past seven days? | W8: How much time did you spend on it? | X8: Did you spend time caring for the sick or the elderly in the past seven days? (while not doing other chores) | Y8: How much time did you spend on it? | Z8: Did you spend time taking care of children in the past seven days? (while not doing other chores) | AA8: How much time did you spend on it? | AB8: Did you spend time on childcare at the same time that you were doing other activities in the past seven days? | AC8: How much time did you spend on it?
B9: 1. Yes | D9: 1. Yes | F9: 1. Yes | H9: 1. Yes | J9: 1. Yes | L9: 1. Yes | N9: 1. Yes | P9: 1. Yes | R9: 1. Yes | T9: 1. Yes | V9: 1. Yes | X9: 1. Yes | Z9: 1. Yes | AB9: 1. Yes
B10: 2. No ---> | D10: 2. No ---> | F10: 2. No ---> | H10: 2. No ---> | J10: 2. No ---> | L10: 2. No ---> | N10: 2. No ---> | P10: 2. No ---> | R10: 2. No ---> | T10: 2. No ---> | V10: 2. No ---> | X10: 2. No ---> | Z10: 2. No ---> | AB10: 2. No --->
B11: =D7 -> 4303 | D11: =F7 -> 4305 | F11: 4307 | H11: =J7 -> 4309 | J11: 4311 | L11: 4313 | N11: 4315 | P11: 4317 | R11: 4319 | T11: 4321 | V11: 4323 | X11: 4325 | Z11: 4327 | AB11: ='4.4'!B4 -> 4401 | AC11: ---->
AC12: ='4.4'!B4 -> 4401
C23: hours | I23: hours | K23: hours | M23: hours | O23: hours | Q23: hours | S23: hours | U23: hours | Y23: hours | AA23: hours | AC23: hours

Sheet 4.4
B1: Chapter 4 Employment and Unemployment
B2: Section 4.4 Employment during the past three months and characteristics of first job
B3: Apply to all individuals in HH 6 years old or more
B4: 4401 | C4: 4402 | P4: 4403 | Q4: 4404 | R4: 4405 | S4: 4406 | T4: =S4+1 -> 4407 | U4: =T4+1 -> 4408 | V4: =U4+1 -> 4409 | W4: =V4+1 -> 4410 | X4: =W4+1 -> 4411 | Y4: =X4+1 -> 4412 | Z4: =Y4+1 -> 4413 | AA4: =Z4+1 -> 4414
A5: Individual Code | B5: Did you participate in any employment during the past three months? | C5: Did you participate in one of the following activities during the past three months with the purpose of sales/marketing/earning wage/helping in a family business (even if for a short period or irregularly)? (Interviewer should take into consideration the socioeconomic status of the HH as well as the differences between urban and rural areas) 1. Yes 2. No | P5: Have you ever worked or participated in any of the previous activities before? | Q5: When did you first enter the labor market for a continuous period of at least six months? (mention year) | R5: How old were you then? (in years) | S5: What was the work status of your first job? | T5: What was your occupation of your first job? | U5: What was your economic activity of your first job? | V5: Were you working inside or outside establishment? | W5: What sector were you working in for your first job? | X5: How stable was your first job? | Y5: Did you have a legal work contract for your first job / or were officially hired in case of gov. hiring? | Z5: Did you have social security for your first job? | AA5: Location of your first job- Write "Mobile" in case of mobile labor
B6: 1. Yes ----> | C6: a. agricultural work (e.g., harvesting, cutting clover, irrigation) | P6: 1. Yes | S6: 1. waged employee | V6: 1. in establishment | W6: 1. government | X6: 1. permanent | Y6: 1. Yes | Z6: 1. Yes | AA6: Governorate | AB6: City/town | AC6: 1. Urban
B7: =Q4 -> 4404 | C7: b. raising poultry/livestock | P7: 2. No | S7: 2. employer | V7: 2. outside establishments | W7: 2. public enterprise | X7: 2. temporary (regular labor) | Y7: 2. No | Z7: 2. No | AC7: 2. Rural
B8: 2. No | C8: c. producing ghee/cheese/butter | S8: 3. self-employed | W8: 3. private | X8: 3. seasonal
C9: d. collecting fuel/woodcutting | P9: If "No" | S9: 4. unpaid working | W9: 4. investment | X9: 4. casual (irregular labor)
C10: e. preparing food (e.g, vegetables) | P10: ---> | S10: for family | W10: 5. foreign
C11: f. sewing/embroidery/crochet | P11: Go to next | W11: 6. non-profitable government
C12: g. producing hey products/carpets/textile/ropes | P12: Person | W12: orgnization
C13: h. offering services for others in a house/shop/hotel | P13: for | W13: 7. other including co-operatives
C14: i. independent paid work | P14: males
C15: j .selling goods in the market/in the street/ at home | P15: and to section | AA15: Interviewer: Review q. 4401-4402
C16: k. buying goods and reselling it yourself | P16: 7 for | AA16: If individual is currently working: move
C17: l. helping on construction work | P17: females | AA17: to the next section
C18: m. learning a skill | AA18: If individual is not working and is female:
C19: If answer on any is "YES" --> 4105 | AA19: move to section 7
C20: a | D20: b | E20: c | F20: d | G20: e | H20: f | I20: g | J20: h | K20: i | L20: j | M20: k | N20: l | O20: m | AA20: If individual is not working and is male:
Q21: year | R21: age | AA21: move to section 8

Sheet 5.1
B1: Chapter 5 Job Characteristics
B2: Section 5.1 Primary Job in the Past Three Months
B3: Apply to all individuals who worked during the past three months
B4: 5101 | C4: 5102 | D4: 5103 | E4: 5104 | F4: 5105 | G4: 5106 | I4: 5107 | J4: 5108 | K4: 5109 | L4: 5110 | M4: 5111 | N4: 5112 | R4: 5113 | T4: 5114 | V4: 5115 | AH4: 5116 | AJ4: 5117 | AV4: 5118 | AW4: 5119 | AX4: 5120 | AY4: 5121 | AZ4: 5122 | BB4: 5123 | BC4: 5124 | BD4: 5125 | BE4: 5126 | BF4: 5127 | BG4: 5128 | BH4: 5129 | BI4: 5130 | BJ4: 5131 | BK4: 5132 | BL4: 5133 | BO4: 5134 | BQ4: 5135
A5: Individual Code | B5: How many main jobs did you have during the past three months? | C5: What is your occupation in your longest job during the past three months? | D5: Does your job require any skill? | E5: How did you acquire that skill? (mention main one) | F5: What is the level of your skill? | G5: How long did the training needed to acquire that skill take? | I5: Do you use computer in your work? | J5: Is your work related to tourism (e.g., providing goods and services for tourists) | K5: What is the proportion of work with tourists | L5: What is the economic activity of your main job during the past three months? | M5: How stable is your job? | N5: For regular labour, how long have you spent on your main job(s) during the past three months? ( in weeks) (whether continuous or discontinuous) | R5: How many actual days per week did you work during the past three months? (whether continuous or discontinuous) | T5: How many hours a day on average do you work? | V5: For irregular employment, how long have you spent in the longest main job, or in all main jobs, during the past three months? (whether continuous or discontinuous) | AH5: What is the waged status of your main job during the past three months? | AJ5: How did you get this job? | AV5: What is your relationship to your employer? | AW5: Do you work in an establishment/firm? | AX5: Name of establishment /firm | AY5: Interviewer: does the individual work for wage (check 5116) | AZ5: Sector of employment | BB5: Legal body of the firm you work in | BC5: The number of employees in firm (including respondent) | BD5: What is the percentage of female employees? | BE5: Do you have a legal work contract? | BF5: Do you get paid leave? | BG5: In case of sickness, do you get paid sick leave ? | BH5: Do you have social security? | BI5: Do you have medial insurance? | BJ5: Are you a member in a trade union? | BK5: Describe your place of work | BL5: Location of work Write "Mobile" in case of mobile labor | BO5: On average, how long does a one way trip to work take? | BQ5: Mode of transportation to work
B6: 1. one | D6: 1. Yes | E6: 1. regular schooling ---> | F6: 1. apprenticeship | I6: 1. Yes -connected to internet | J6: 1. Yes | K6: 1. less than quarter | M6: 1. permanent | V6: last month | Z6: month before last | AD6: the month before | AH6: 1. waged- monetary or in-kind | AJ6: 1. register in government employment office | AV6: 1. member of household | AW6: 1. Yes | AY6: 1) Yes | AZ6: 1. government ----> | BA6: 5126 | BB6: 1. individual project | BC6: 1. 1 - 4 | BD6: 1. none | BE6: 1. Yes | BF6: 1. Yes | BG6: 1. Yes | BH6: 1. Yes | BI6: 1. Yes | BJ6: 1. Yes | BK6: 1. own home --> next section | BL6: Governorate | BM6: City/town | BN6: 1. Urban | BQ6: 1. walk
B7: 2. two | D7: 2. No --> | E7: 5107 | F7: 2. assistant | I7: 2. Yes- not connected to internet | J7: 2. No --> | K7: 2. quarter to half | M7: 2. temporary | V7: No of | X7: Hours per | Z7: No of | AB7: Hours per | AD7: No of | AF7: Hours per | AH7: 2. employer ----> | AI7: 5119 | AJ7: 2. register in private employment office | AV7: 2. relative outside household | AW7: 2. No --> | AY7: 2) No --> | AZ7: 2. public enterprise ----> | BA7: 5126 | BB7: 2. partnership/company | BC7: 2. 5 - 9 | BD7: 2. less than quarter | BE7: 2. No | BF7: 2. No | BG7: 2. No | BH7: 2. No | BI7: 2. No | BJ7: 2. No | BK7: 2. shop | BN7: 2. Rural | BQ7: 2. public transportation
B8: 3. more than two | D8: 5107 | E8: 2. organised technical education | F8: 3. craftsman | I8: 3. No | J8: 5110 | K8: 3. more than half | M8: (regular labour) | V8: weeks | X8: week | Z8: weeks | AB8: week | AD8: weeks | AF8: week | AH8: 3. self employed ----> | AI8: 5119 | AJ8: 3. enter government job lottery competition | AV8: 3. neighbours/friends | AW8: 5124 | AY8: 5129 | AZ8: 3. private | BB8: 3. s.a.e | BC8: 3. 10 - 24 | BD8: 3. quarter to half | BK8: 3. another house | BQ8: 3. microbus
E9: 3. through contractor | K9: 4. all work | M9: 3. seasonal ----> | AH9: 4. work for family for no wage ----> | AI9: 5119 | AJ9: 4. send job application | AV9: 4. from same village/town | AZ9: 4. investment | BB9: 4. limited liability | BC9: 4. 25 - 49 | BD9: 4. more than half | BK9: 4. office/flat/building | BQ9: 4. taxi
E10: 4. through craftsman | M10: 5115 | AJ10: 5. inquired at work location | AV10: 5. stranger | AZ10: 5. foreign | BB10: 5. do not know | BC10: 5. 50 - 99 | BD10: 5. all female | BK10: 5. room/ number of rooms | BQ10: 5. bike / motorcycle
E11: 5. public enterprises | M11: 4. casual ----> | AJ11: 6. advertised in newspapers | AZ11: 6. non-profitable government organization ----> | BA11: 5126 | BC11: 6. more than 100 | BD11: 6. do not know | BK11: 6. workshop /factory | BQ11: 6. private car
E12: 6. private sector | M12: (irregular labour) | AJ12: 7. applied to an advertised job in newspapers | AZ12: 7. other including co-operatives ----> | BA12: 5126 | BC12: 7. don't know | BK12: 7. kiosk | BQ12: 7. bus-work
E13: 7. language courses/programs | M13: 5115 | AJ13: 8. asked friends or relatives for help | BK13: 8. street vendor | BQ13: 8. different modes including bus-work
E14: 8. computer courses/programs | AJ14: 9. contacted employer | BK14: 9. mobile worker | BQ14: 9. different modes excluding bus-work
E15: 9. secretarial courses/programs | AJ15: 10. contacted contractor | BK15: 10. street vendor with mobile cart | BQ15: 10. other
E16: 10. through family | AJ16: 11. waited at gatherings locations | BK16: 11. hut | BQ16: 11. does not apply
E17: 11. other | N17: No of weeks | P17: No of weeks | R17: Longest | S17: Other | T17: Longest | U17: Other | AJ17: 12. searched for private project (land, equipment) | BK17: 12. drinks fridge-connected to house | BQ17: 12. toc-toc
E18: IF NOT IN CRAFT | N18: in longest | P18: in other | R18: main | S18: main | T18: main | U18: main | AJ18: 13. arranged to get finance for a private project | BK18: 13. drinks fridge-not connected to house
E19: OCCUPATION | N19: main job | P19: main job | R19: Job | S19: jobs | T19: Job | U19: jobs | AJ19: 14. other | BK19: 14. basket/ table
E20: ----->5106 | BK20: 15. truck/pickup truck
BK21: 16. taxi
BK22: 17. field/farm
BK23: 18. other
G24: month | H24: week | AJ24: main method | AP24: secondary method | BK24: 19. toc-toc | BO24: minute | BP24: hour

Sheet 5.2
B1: Chapter 5 Job Characteristics
B2: Section 5.2 Secondary Job in the past three months
B3: Apply to those who answered chapter 5 section 1 (even partly)
B5: 5201 | C5: 5202 | P5: 5203 | Q5: 5204 | R5: 5205 | S5: 5206
A6: Individual Code | B6: Did you have any secondary job in addition to your main job during the past three months (even if part-time, irregular, seasonal or during holidays)? | C6: Did you participate in any of the following activities- in addition to your primary job-with the purpose of sales/marketing/earning wage/helping in a family business, during the past three months? (Interviewer should take into consideration the socioeconomic status of the HH as well as the differences between urban and rural areas) 1. Yes 2. No | P6: What is your occupation in your secondary job? | Q6: What is the economic activity of your secondary job? | R6: Waged status of the longest secondary job during the past three months | S6: How long have you spent in your secondary job(s) during the past three months? (whether continuous or discontinuous)
B7: 1. Yes | C7: a. agricultural work (e.g., harvesting, cutting clover, irrigation) | R7: 1. waged- monetary or in-kind | S7: last month | U7: the month before | W7: Pre-previous month
B8: ----> | C8: b. raising poultry/livestock | R8: 2. employer | S8: No. of working weeks | T8: No. of hours per day | U8: No. of working weeks | V8: No. of hours per day | W8: No. of working weeks | X8: No. of hours per day
B9: =P5 -> 5203 | C9: c. producing ghee/cheese/butter | R9: 3. self employed
B10: 2. No | C10: d. collecting fuel/woodcutting | R10: 4. work for family- unpaid
C11: e. preparing food (e.g, vegetables)
C12: f. sewing/embroidery/crochet
C13: g. producing hey products/carpets/textile/ropes
C14: h. offering services for others in a house/shop/hotel
C15: i. independent paid work
C16: j .selling goods in the market/in the street/ at home
C17: k. buying goods and reselling it yourself
C18: l. helping in construction work
C19: m. learning a skill
C21: If answer is "No" to all,
C22: ---->
C23: ='6.0'!B5 -> 6001 | E23: for females
C24: &
C25: 8101 | E25: for males
C27: a | D27: b | E27: c | F27: d | G27: e | H27: f | I27: g | J27: h | K27: i | L27: j | M27: k | N27: l | O27: m

Sheet 6.0
B1: Chapter 6 Female Paid Employment
B2: Apply to all waged working women
F4: Ever-married working waged women | P4: Never-married working waged women
B5: 6001 | C5: 6002 | D5: 6003 | E5: 6004 | F5: 6005 | G5: 6006 | H5: 6007 | I5: 6008 | J5: 6009 | K5: 6010 | M5: 6011 | N5: 6012 | O5: 6013 | P5: 6014 | Q5: 6015 | R5: 6016 | S5: 6017
A6: Individual Code | B6: What percentage of income do you keep for yourself? | C6: What percentage of income do you save? | D6: In what form do you save your income? | E6: Do you receive your income from your employer in person? | F6: Were you working before getting married? | G6: How does your husband view your work? (for those currently married) | H6: Were you working during your last pregnancy? | I6: How many weeks paid maternity leave did you get (in your last pregnancy)? | J6: How many weeks of unpaid maternity leave did you get (in your last pregnancy)? | K6: Do you have children who are less than 12 years old? | L6: Who looks after your young children while you are at work? | N6: Do you pay those who look after your children while you are at work? | O6: How much did you pay for child care last month | P6: What are the primary uses of your labor income? | Q6: Do you want to continue working after getting married? | R6: Do you think you will be able to work after getting married? | S6: In your opinion, how will your work affect your prospects of getting married?
C7: If do not save, | D7: 1. bank account | E7: 1. Yes | F7: 1. Yes | G7: 1. firmly accept it | H7: 1. Yes | I7: 1. did not get maternity leave | J7: 1. did not get maternity leave | K7: 1. Yes | L7: 1. mother | N7: 1. Yes | P7: 1. to help my family financially | Q7: 1. Yes | R7: 1. Yes | S7: 1. increase it
B8: record zero | C8: ----> | D8: 2. ROSCA (Gameya) | E8: 2. No | F8: 2. No | G8: 2. accept it | H8: 2. No --> | I8: 2. from 2 - 3weeks | J8: 2. 3 months | K8: 2. No --> | L8: 2. mother in law | N8: 2. No --> | P8: 2. to meet my personal needs | Q8: 2. No | R8: 2. No | S8: 2. make them not marry me
B9: if keeps nothing | C9: 6005 | D9: 3. jewelry | G9: 3. accept but not happily | H9: 6010 | I9: 3. from 4 - 6 weeks | J9: 3. from 4 -6 months | K9: 7101 | L9: 3. daughter | N9: =K9 -> 7101 | P9: 3. to save for marriage | Q9: 3. it depends | R9: 3. it depends | S9: 3. become reluctant about marrying me
D10: 4. cash | G10: 4. does not accept it | H10: 3. never been | I10: 4. from 7 - 12 weeks | J10: 4. from 7 months to one year | L10: 4. sister | P10: 4. to cover personal expenses | Q10: 4. Don't want to get married | S10: 4. do not change their position
C11: if never been married | G11: 5. N/a for currently not married women | H11: pregnant --> | I11: 5. more than 12 weeks | J11: 5. from 1 - 2 years | L11: 5. grandmother | P11: 5. other | S11: 5. do not know
C12: ----> | H12: 7201 | J12: 6. more than 2 years | L12: 6. nanny
C13: 6014 | L13: 7. nursery
L14: 8. neighbors
L15: 9. relatives
L16: 10. child at school
L17: 11. other
B20: % | C20: % | L20: primary helper | M20: secondary helper

Sheet 7.1
A1: Chapter 7 Fertility, Women Status and Cost of Marriage | H1: no. of births that are still alive
A2: Section 7.1 Fertility | H2: no. of births that have since died
A3: Apply to all ever-married women 16-49 | H3: no. of children in hh
H4: no. of children outside hh
A5: Interviewer: | B5: Now I would like to record the names of all your births, whether still alive or not, starting with the first one you had.
B6: Record names of all the births in 7101. Record twins and triplets on separate lines and mark with a bracket.
G8: Individual Code of Mother
A10: 7101 | B10: 7102 | C10: 7103 | D10: 7104 | F10: 7105 | G10: 7106 | H10: 7107 | I10: 7108
A11: What name was given to your (first/next) baby? | B11: Single or multiple status | C11: Is (name) a boy or a girl? | D11: In what month and year was (name) born? | F11: Is (name) still alive? | G11: Is (name) living with you? | H11: Interviewer: Record the individual code number of child (record "00" if child not listed in the household schedule). | I11: Have you had any live births since the birth of (name of the last birth)?
F12: 1. Yes | I12: 1. Yes
B13: single = 1 | C13: boy = 1 | F13: 2. No ----> | I13: 2. No -->
A14: name | B14: multiple = 2 | C14: girl = 2 | D14: month | E14: year | F14: 7108 | I14: next section
A15: 1.
A16: 2.
A17: 3.
A18: 4.
A19: 5.
A20: 6.
A21: 7.
A22: 8.
A23: 9.
A24: 10.
A25: 11.
A26: 12.
... A34: 20.
A35: Chapter 7 Fertility, Women Status and Cost of Marriage | H35: no. of live births
A36: Section 7.1 Fertility | H36: no. of still births
A37: Apply to all ever-married women 16-49 | H37: no. of children in hh
H38: no. of children outside hh
A39: Interviewer: | B39: Now I would like to record the names of all your births, whether still alive or not, starting with the first one you had.
B40: Record names of all the births in 7101. Record twins and triplets on separate lines and mark with a bracket.
G42: Individual Code of Mother
A44: 7101 | B44: 7102 | C44: 7103 | D44: 7104 | F44: 7105 | G44: 7106 | H44: 7107 | I44: 7108
A45: What name was given to your (first/next) baby? | B45: Single or multiple status | C45: Is (name) a boy or a girl? | D45: In what month and year was (name) born? | F45: Is (name) still alive? | G45: Is (name) living with you? | H45: Interviewer: Record the individual code number of child (record "00" if child not listed in the household schedule). | I45: Have you had any live births since the birth of (name of the last birth)?
F46: 1. Yes | I46: 1. Yes
B47: single = 1 | C47: boy = 1 | F47: 2. No ----> | I47: 2. No -->
A48: name | B48: multiple = 2 | C48: girl = 2 | D48: month | E48: year | F48: 7108 | I48: next section
A49: 1.
A50: 2.
A51: 3.
A52: 4.
A53: 5.
A54: 6.
A55: 7.
A56: 8.
A57: 9.
A58: 10.
A59: 11.
A60: 12.
... A68: 20.
A69: Chapter 7 Fertility, Women Status and Cost of Marriage | H69: no. of live births
A70: Section 7.1 Fertility | H70: no. of still births
A71: Apply to all ever-married women 16-49 | H71: no. of children in hh
H72: no. of children outside hh
A73: Interviewer: | B73: Now I would like to record the names of all your births, whether still alive or not, starting with the first one you had.
B74: Record names of all the births in 7101. Record twins and triplets on separate lines and mark with a bracket.
G76: Individual Code of Mother
A78: 7101 | B78: 7102 | C78: 7103 | D78: 7104 | F78: 7105 | G78: 7106 | H78: 7107 | I78: 7108
A79: What name was given to your (first/next) baby? | B79: Single or multiple status | C79: Is (name) a boy or a girl? | D79: In what month and year was (name) born? | F79: Is (name) still alive? | G79: Is (name) living with you? | H79: Interviewer: Record the individual code number of child (record "00" if child not listed in the household schedule). | I79: Have you had any live births since the birth of (name of the last birth)?
F80: 1. Yes | I80: 1. Yes
B81: single = 1 | C81: boy = 1 | F81: 2. No ----> | I81: 2. No -->
A82: name | B82: multiple = 2 | C82: girl = 2 | D82: month | E82: year | F82: 7108 | I82: next section
A83: 1.
A84: 2.
A85: 3.
A86: 4.
A87: 5.
A88: 6.
A89: 7.
A90: 8.
A91: 9.
A92: 10.
A93: 11.
A94: 12.
... A102: 20.
A103: Chapter 7 Fertility, Women Status and Cost of Marriage | H103: no. of live births
A104: Section 7.1 Fertility | H104: no. of still births
A105: Apply to all ever-married women 16-49 | H105: no. of children in hh
H106: no. of children outside hh
A107: Interviewer: | B107: Now I would like to record the names of all your births, whether still alive or not, starting with the first one you had.
B108: Record names of all the births in 7101. Record twins and triplets on separate lines and mark with a bracket.
G110: Individual Code of Mother
A112: 7101 | B112: 7102 | C112: 7103 | D112: 7104 | F112: 7105 | G112: 7106 | H112: 7107 | I112: 7108
A113: What name was given to your (first/next) baby? | B113: Single or multiple status | C113: Is (name) a boy or a girl? | D113: In what month and year was (name) born? | F113: Is (name) still alive? | G113: Is (name) living with you? | H113: Interviewer: Record the individual code number of child (record "00" if child not listed in the household schedule). | I113: Have you had any live births since the birth of (name of the last birth)?
F114: 1. Yes | I114: 1. Yes
B115: single = 1 | C115: boy = 1 | F115: 2. No ----> | I115: 2. No -->
A116: name | B116: multiple = 2 | C116: girl = 2 | D116: month | E116: year | F116: 7108 | I116: next section
A117: 1.
A118: 2.
A119: 3.
A120: 4.
A121: 5.
A122: 6.
A123: 7.
A124: 8.
A125: 9.
A126: 10.
A127: 11.
A128: 12.
... A136: 20.

Sheet 7.2
A1: Chapter 7 Fertility, Women Status and Cost of Marriage | W1: Chapter 7 Fertility, Women Status and Cost of Marriage | AJ1: Chapter 7 Fertility, Women Status and Cost of Marriage
A2: Section 7.2 Women Status | W2: Section 7.2 Women Status | AC2: Apply to ever-married women | AJ2: Section 7.2 Women Status
A3: Apply to all females 15 years and above | I3: First: Women decisionmaking within the household | AC3: Fourth: Opinion towards domestic violence
W4: Apply to all females 15 years and above | AC4: 7206 | AD4: Sometimes a wife can do things which annoy or anger her husband. In your opinion, is a husband justified in beating his wife in each of the following situations: | AJ4: Applies to all females 15 years and above
C5: Apply to currently married women | M5: Apply to women not currently married (never married, divorced, widows) | W5: Second: Access to financial resources: | Y5: Third: Mobility | AJ5: Fear of males in the HH | AL5: Gender role attitudes
B6: 7201 | C6: Who in your family usually has the final say on the following decisions? | L6: 7202 | M6: Who in your family usually has the final say on the following decisions? | W6: 7203 | X6: 7204 | Y6: 7205 | AJ6: 7207 | AK6: 7208 | AL6: What do you think about the following statements
B7: A | C7: B | D7: C | E7: D | F7: E | G7: F | H7: G | I7: H | J7: I | K7: J | L7: A | M7: B | N7: C | O7: D | P7: E | Q7: F | R7: G | S7: H | T7: I | U7: J | Y7: A | Z7: B | AA7: C | AB7: D | AC7: A | AD7: B | AE7: C | AF7: D | AG7: E | AH7: F | AK7: A | AL7: B | AM7: C | AN7: D | AO7: E | AP7: F | AQ7: G | AR7: H | AS7: I | AT7: J | AU7: K
A8: Individual Code | B8: Making large household purchases | C8: Making household purchases for daily needs | D8: Visits to family, friends or relatives | E8: What food should be cooked each day | F8: Getting medical treatment or advice for yourself | G8: Buying clothes for herself | H8: Taking child to the doctor | I8: Sending children to school | J8: Sending children to school on daily basis | K8: Buying clothes for children | L8: Making large household purchases | M8: Making household purchases for daily needs | N8: Visits to family, friends or relatives | O8: What food should be cooked each day | P8: Getting medical treatment or advice for yourself | Q8: Buying clothes for herself | R8: Taking child to the doctor | S8: Sending children to school | T8: Sending children to school on daily basis | U8: Buying clothes for children | V8: Individual Code | W8: Do you have direct access to household money in your hand to use? | X8: Do you personally have savings, own land, house, jewelry, or other valuables which you can sell or use as you please? | Y8: Local market | Z8: Local health center or doctor? | AA8: Taking children to the health center or doctor? | AB8: Home of relatives or friends in the neighborhood? | AC8: When she burns the food? | AD8: When she neglects the children? | AE8: When she argues with him? | AF8: When she talks to other men? | AG8: When she wastes his money? | AH8: When she refuses him sex? | AI8: Individual Code | AJ8: Are you often or generally afraid of disagreeing with your husband (father or/& brothers) or other males in your household? | AK8: A woman’s place is not only in the household but she should be allowed to work | AL8: If the wife has a job outside the house then the husband should help her with the children | AM8: If the wife has a job outside the house then the husband should help her in household chores | AN8: A thirty year old woman who has a good job but is not yet married is to be pitied | AO8: Girls should go to school to prepare for jobs not just to make them good mothers and wives | AP8: A woman who has a full-time job cannot be a good mother | AQ8: For a woman’s financial autonomy, she must work and have earnings | AR8: Having a full-time job always interferes with a woman’s ability to keep a good life with her husband | AS8: Women should continue to occupy leadership positions in society | AT8: Boys and girls should get the same amount of schooling | AU8: Boys and girls should be treated equally
B9: 1. Respondent alone | L9: 1. Respondent alone | W9: 1. Yes | X9: 1. Yes | Y9: 1. Without permission | AC9: 1. Yes | AD9: 1. Yes | AE9: 1. Yes | AF9: 1. Yes | AG9: 1. Yes | AH9: 1. Yes | AJ9: 1. Yes | AK9: 1) Strongly agree | AL9: 1) Strongly agree | AM9: 1) Strongly agree | AN9: 1) Strongly agree | AO9: 1) Strongly agree | AP9: 1) Strongly agree | AQ9: 1) Strongly agree | AR9: 1) Strongly agree | AS9: 1) Strongly agree | AT9: 1) Strongly agree | AU9: 1) Strongly agree
B10: 2. Husband | L10: 2. Father | W10: 2. No | X10: 2. No | Y10: 2. Just inform them | AC10: 2. No | AD10: 2. No | AE10: 2. No | AF10: 2. No | AG10: 2. No | AH10: 2. No | AJ10: 2. No | AK10: 2) Agree | AL10: 2) Agree | AM10: 2) Agree | AN10: 2) Agree | AO10: 2) Agree | AP10: 2) Agree | AQ10: 2) Agree | AR10: 2) Agree | AS10: 2) Agree | AT10: 2) Agree | AU10: 2) Agree
B11: 3. Respondent and husband jointly | L11: 3. Mother | Y11: 3. Need permission | AK11: 3) Indifferent | AL11: 3) Indifferent | AM11: 3) Indifferent | AN11: 3) Indifferent | AO11: 3) Indifferent | AP11: 3) Indifferent | AQ11: 3) Indifferent | AR11: 3) Indifferent | AS11: 3) Indifferent | AT11: 3) Indifferent | AU11: 3) Indifferent
B12: 4. In-laws | L12: 4. Respondent and parents jointly | Y12: 4. Cannot go alone | AK12: 4) Disagree | AL12: 4) Disagree | AM12: 4) Disagree | AN12: 4) Disagree | AO12: 4) Disagree | AP12: 4) Disagree | AQ12: 4) Disagree | AR12: 4) Disagree | AS12: 4) Disagree | AT12: 4) Disagree | AU12: 4) Disagree
B13: 5. Respondent, husband and in-laws jointly | L13: 5. Father and mother jointly | Y13: 5. Not applicable | AK13: 5) Strongly disagree | AL13: 5) Strongly disagree | AM13: 5) Strongly disagree | AN13: 5) Strongly disagree | AO13: 5) Strongly disagree | AP13: 5) Strongly disagree | AQ13: 5) Strongly disagree | AR13: 5) Strongly disagree | AS13: 5) Strongly disagree | AT13: 5) Strongly disagree | AU13: 5) Strongly disagree
B14: 6. Others | L14: 6. Grandparents
B15: 7. Not applicable | L15: 7. Siblings
L16: 8. Children
L17: 9. Others
L18: 10. Not applicable

Sheet 7.3
B1: Chapter 7 Fertility and Cost of Marriage
B2: Section 7.3 Cost of Marriage | AI2: Now I would like to talk about your living arrangements when you married your (first) husband.
B3: Apply to all married women (16-49)
B4: 7301 | C4: 7302 | D4: 7303 | E4: 7304 | F4: 7305 | G4: 7306 | H4: 7307 | I4: 7308 | M4: 7309 | N4: 7310 | O4: 7311 | S4: 7312 | T4: 7313 | X4: 7314 | Y4: 7315 | AC4: 7316 | AG4: 7317 | AH4: 7318 | AI4: 7319 | AJ4: 7320 | AK4: 7321
A5: Individual Code | B5: What was the duration between your informal engagement (qirayet al fatha) and formal engagement (khutuba)? | C5: What was the duration between formal engagement and the legal marriage (katb el kitaab)? | D5: What period of time between the legal marriage and the actual marriage (dukhla)? | E5: What is the value of dowry and brideprice (mahr) given? | F5: What is the amount of payment upon divorce (mo'akhar)? | G5: What is the value of jewelry presented to the bride (shabka)? | H5: What is the total value of furniture and electrical appliances (afsh) purchased for marriage? | I5: What is the percentage of bride/groom/bride's family/groom's family contribution to the total value of furniture and electrical appliances? | M5: How many rooms of furniture for the newlywed's home were purchased? | N5: What is the total value of housing for marriage including cost of land, purchase of home or apartment, key money, construction and finishing costs (electricity, painting, plumbing, etc.) of new housing? | O5: What is the percentage of bride/groom/bride's family/groom's family contribution to the total value of housing for marriage? | S5: What is the total value of other parts of the gihaz or wedding preparations: china, cutlery, and kitchen utensils; pillows, mattresses, blankets, linens, and other covers; carpets, rugs, mats, other floor cover, crockery, pots and pans; food supplies, clothes and fabric for bride and groom; etc.? | T5: What is the percentage of bride/groom contribution to the total value of other parts of the gihaz or wedding preparations? | X5: What is the total cost of marriage celebrations including the pre-engagement (fatha) stage; engagement (khutuba); signing of the marriage contract (katb al kitab) and the consummation of marriage (dukhla)? | Y5: What is the percentage of bride/groom contribution to the total value of marriage celebrations | AC5: What is the percentage of the total costs of marriage contributed by bride/groom/bride's family/groom's family? | AG5: Was your (first) husband related to you either by blood or marriage before you married him? | AH5: In what way was he related to you? | AI5: When you and your (first) husband started living together, did you live with your family, your husband's family, with someone else or by yourselves? | AJ5: Did you have your own living and cooking facilities or did you share living and cooking facilities with relatives or neighbors? | AK5: Approximately how many years did you all live together then?
B8: If on the same day, | E8: Interviewers: | AG8: 1. Yes | AH8: 1. Son of father's brother | AI8: 1.respondent's family | AJ8: 1.own living and cooking | AK8: (if still together write 99)
B9: the duration is 0. | E9: write does not | AG9: 2. No ---> | AH9: 2. Son of father's sister | AI9: 2.spouse's family | AJ9: facilities
E10: apply if none | AG10: 7319 | AH10: 3. Son of mother's brother | AI10: 3.someone else --> | AJ10: 2.shared living and
AH11: 4. Son of mother's sister | AI11: 7321 | AJ11: cooking facilities | AK11: For women who never worked (check 4403) , this is the end of the questions and the interviewer should move to the next individual.
AH12: 5. Other blood relative | AI12: 4.ourselves only --> | AJ12: relatives
AH13: 6. Relative by marriage | AI13: next section | AJ13: 3.shared living and
AJ14: cooking facilities with
AJ15: neighbors
B19: months | C19: months | D19: months | E19: L.E. | F19: L.E. | G19: L.E. | H19: L.E. | I19: bride only % | J19: groom only % | K19: bride's family % | L19: groom's family % | N19: L.E. | O19: bride only % | P19: groom only % | Q19: bride's family % | R19: groom's family % | S19: L.E. | T19: bride only % | U19: groom only % | V19: bride's family % | W19: groom's family % | X19: L.E. | Y19: bride only % | Z19: groom only % | AA19: bride's family % | AB19: groom's family % | AC19: bride only % | AD19: groom only % | AE19: bride's family % | AF19: groom's family % | AK19: years

Sheet Codes
A1: Chapter 8 Job Mobility
A2: List of Codes
A5: Employment Status | B5: In/Out Establishment | C5: Job Stability | D5: Economic Sector | E5: Social Security and Work Contract
A6: 1. waged employee | B6: 1. Same establishment/ in establishment | C6: 1. permanent | D6: 1. government | E6: 1. Yes
A7: 2. employer | B7: 2. Another establishment | C7: 2. temporary | D7: 2. public enterprise | E7: 2. no
A8: 3. self employed | B8: 3. Outside establishment | C8: 3. seasonal | D8: 3. private
A9: 4. unpaid working for family | B9: 4. Not in LF | C9: 4. casual | D9: 4. investment
A10: 5. apprentice unpaid | D10: 5. foreign
A11: 6. unemployed worked before | D11: 6. non-profitable NGO
A12: 7. new unemployed | D12: 7. other including co-operatives
A13: 8. housewife
A14: 9. full time student
A15: 10. does not want work
A16: 11. retired (<65 years old) does not work and has no desire to work
A17: 12. temporarily disabled
A18: 13. Unpaid leave for a year or more
A19: 14. less than 6 years old
A20: 15. more than 65 years old
A21: 16. other

Sheet 8.0
A1: Chapter 8 Mobility
A2: Apply to those who have worked during the past seven days, the past three months or ever worked
H3: Individual Code
B4: 8001 | F4: 8002 | J4: 8003 | N4: 8004
B5: Current position in the past seven days | F5: Previous | J5: Before last | N5: Position in 1998 Interviewer: for those interviewed in 1998, pls review the 1998 datasheet
B6: Year started current position | F6: Year started previous position | J6: Year started pre-previous position
A7: 0. Description of position
A8: 1. Employment status
A9: 2. Occupation
A10: 3. Economic activity
A11: 4. In/Out establishment
A12: 5. Economic sector
A13: 6. Job stability
A14: 7. Contract
A15: 8. Social security
A16: 9. Work location
B17: In Egypt | E17: abroad | F17: In Egypt | I17: abroad | J17: In Egypt | M17: abroad | N17: In Egypt | Q17: abroad
B18: governorate | C18: district | D18: 1)urban | E18: Country | F18: governorate | G18: district | H18: 1)urban | I18: Country | J18: governorate | K18: district | L18: 1)urban | M18: Country | N18: governorate | O18: district | P18: 1)urban | Q18: Country
D19: 2) rural | H19: 2) rural | L19: 2) rural | P19: 2) rural
A23: Chapter 8 Mobility
A24: Apply to those who have worked during the past seven days, the past three months or ever worked
H25: Individual Code
B26: 8001 | F26: 8002 | J26: 8003 | N26: 8004
B27: Current position in the past seven days | F27: Previous | J27: Before last | N27: Position in 1998 Interviewer: for those interviewed in 1998, pls review the 1998 datasheet
B28: Year started current position | F28: Year started previous position | J28: Year started pre-previous position
A29: 0. Description of position
A30: 1. Employment status
A31: 2. Occupation
A32: 3. Economic activity
A33: 4. In/Out establishment
A34: 5. Economic sector
A35: 6. Job stability
A36: 7. Contract
A37: 8. Social security
A38: 9. Work location
B39: In Egypt | E39: abroad | F39: In Egypt | I39: abroad | J39: In Egypt | M39: abroad | N39: In Egypt | Q39: abroad
B40: governorate | C40: district | D40: 1)urban | E40: Country | F40: governorate | G40: district | H40: 1)urban | I40: Country | J40: governorate | K40: district | L40: 1)urban | M40: Country | N40: governorate | O40: district | P40: 1)urban | Q40: Country
D41: 2) rural | H41: 2) rural | L41: 2) rural | P41: 2) rural
A44: Chapter 8 Mobility
A45: Apply to those who have worked during the past seven days, the past three months or ever worked
H46: Individual Code
B47: 8001 | F47: 8002 | J47: 8003 | N47: 8004
B48: Current position in the past seven days | F48: Previous | J48: Before last | N48: Position in 1998 Interviewer: for those interviewed in 1998, pls review the 1998 datasheet
B49: Year started current position | F49: Year started previous position | J49: Year started pre-previous position
A50: 0. Description of position
A51: 1. Employment status
A52: 2. Occupation
A53: 3. Economic activity
A54: 4. In/Out establishment
A55: 5. Economic sector
A56: 6. Job stability
A57: 7. Contract
A58: 8. Social security
A59: 9. Work location
B60: In Egypt | E60: abroad | F60: In Egypt | I60: abroad | J60: In Egypt | M60: abroad | N60: In Egypt | Q60: abroad
B61: governorate | C61: district | D61: 1)urban | E61: Country | F61: governorate | G61: district | H61: 1)urban | I61: Country | J61: governorate | K61: district | L61: 1)urban | M61: Country | N61: governorate | O61: district | P61: 1)urban | Q61: Country
D62: 2) rural | H62: 2) rural | L62: 2) rural | P62: 2) rural

Sheet 9.1
A1: Chapter 9 Earnings | E1: Chapter 9 Earnings | T1: Chapter 9 Earnings
A2: Section 9.1 Earnings in Primary Job | E2: Section 9.1 Earnings in Primary Job | T2: Section 9.1 Earnings in Primary Job
A3: Waged workers - main job during the past complete three months | E3: Waged workers - main job during the past complete three months | T3: Waged workers - main job during the past complete three months
B4: Interviewers: "complete three months" means "full three months payments" | F4: Interviewers: "complete three months" means "full three months payments" | U4: Interviewers: "complete three months" means "full three months payments"
B6: 9101 | C6: 9102 | D6: 9103 | F6: 9104 | U6: 9105 | V6: 9106 | W6: 9107 | X6: 9108
A7: Individual Code | B7: Have you worked for wage during the past three months? | C7: How is your wage in the longest main job calculated | D7: Has s/he worked on regular basis (permanent or temporary) in main employment during the past three months? | E7: Individual Code | F7: For regular workers: What is the net amount received (in L.E.) for each of the following categories? | T7: Individual Code | U7: Does s/he participate in social security? | V7: Amount considered as basic salary for deduction of social security | W7: How many times have you been promoted since you joined your current employment? | X7: For irregular employment, what is your average daily wage in your longest main job?
B8: 1. Yes | C8: 1. fixed | D8: 1. Yes | F8: basic wage | H8: supplementary payment | J8: bonus | L8: incentives | N8: overtime | P8: profits | R8: other | W8: 1. once
B9: 2. No ----> | C9: 2. by piece | D9: 2. No ----> | F9: frequency | G9: Net | H9: frequency | I9: Net | J9: frequency | K9: Net | L9: frequency | M9: Net | N9: frequency | O9: Net | P9: frequency | Q9: Net | R9: frequency | S9: Net | U9: 1. Yes | W9: 2. twice
B10: HH economic unit questionnaires | C10: 3. fixed + piece | D10: =X6 -> 9108 | G10: Value | I10: Value | K10: Value | M10: Value | O10: Value | Q10: Value | S10: Value | U10: 2. No ---> | W10: 3. three or more
C11: 4. other | U11: =W6 -> 9107 | W11: 4. does not apply
F13: 1. day | H13: 1. day | J13: 1. day | L13: 1. day | N13: 1. day | P13: 1. day | R13: 1. day | W13: After question
B14: Interviewer: pls review 5116 | D14: Interviewer: pls review 5111 | F14: 2. week | H14: 2. week | J14: 2. week | L14: 2. week | N14: 2. week | P14: 2. week | R14: 2. week | U14: Interviewer: pls review 5129 | W14: ---->
F15: 3. month | H15: 3. month | J15: 3. month | L15: 3. month | N15: 3. month | P15: 3. month | R15: 3. month | W15: 9201
F16: 4. 3 months | H16: 4. 3 months | J16: 4. 3 months | L16: 4. 3 months | N16: 4. 3 months | P16: 4. 3 months | R16: 4. 3 months
F17: 5. year | H17: 5. year | J17: 5. year | L17: 5. year | N17: 5. year | P17: 5. year | R17: 5. year
V23: LE | X23: monetary | Y23: in kind

Sheet 9.2
A1: Chapter 9 Earnings
A2: Section 9.2 Earnings in Secondary Job
A3: Waged workers in secondary employment during the past three months
A4: Apply to those who answered 1 to 5201 or 5202
B5: 9201 | C5: 9202
A6: Individual Code | B6: Has s/he worked for a wage in secondary job? | C6: Frequency and amount of wage of secondary job
C7: Frequency | D7: Amount
B9: 1. Yes
B10: 2. No ----->
B11: Questionnaire 3
C12: 1. day
C13: 2. week
C14: 3. month
C15: 4. 3 months
C16: 5. year
D21: L.E

Sheet Flip (2)
B3: Names of individuals in this questionnaire
B4: Name
A5: Individual Code

Sheet Cover (3)
A1: Economic Research Forum
A2: Egypt Labor Market Panel Survey 2006 | J2: Questionnaire No. 3
A3: Household Enterprise Questionnaire Cover
G5: Information given is for Research Purpose
G6: Details on Individuals are Confidential by Law
A8: Governorate | C8: City/town | D8: Village/hamlet | E8: 1) Urban | F8: Serial number of HH in hamlet/village* | G8: Serial number of HH in hamlet/village | H8: No. of agricultural Household Enterprise
E9: 2) Rural | H9: No. of non-agricultural Household Enterprise
A11: Code* | C11: Code* | E11: Code* | I11: Individual Code of interviewee | J11: Project Code
J12: 101
A13: Serial number of HH in dwelling unit ------ | E13: No. of Questionnaires for this HH: | J13: 102
J14: 103
J15: 104
A16: Details of Visits
A17: Date of Visit | B17: Visiting Time | D17: Visit Result | E17: Visit Result Option
B18: From | C18: To | E18: 1) Questionnaire completely applied
E19: 2) Questionnaire partially applied
E20: 3) Household members refused
E21: 4) Family not available
E22: 5) Other (please state)
A24: Data Collection | G24: Data Processing
A25: Title | B25: Name | C25: Signature | D25: Code | G25: Title | H25: Name | I25: Signature | J25: Code
A26: Researcher | G26: Coding
A27: Reviewer | G27: Coding Review
A28: Supervisor | G28: Data Entry
A29: Office Review | G29: Data Entry Review
A31: * to be coded at office

Sheet 10.1
B1: Chapter 10 Migration, Transfers and Non-Labor Income
B2: Section 10.1: Current Migration
B4: Apply to most knowledgeable person
B9: 10-101 | C9: 10-102 | D9: 10-103 | E9: 10-104 | F9: 10-105 | G9: 10-106 | H9: 10-107 | I9: 10-108
A10: Individual Code | B10: Do you currently have any member of your household who is living and working in another country? (Ignore interruptions of less than 6 months) | C10: what country [member] lives and works now? | D10: What year did [member] leave to work in that country? | E10: When was the last time [member] visited and stayed in the household for less than 6 months? | F10: what is [member]'s highest education level? | G10: what is [member]'s current occupation? | H10: What is [member]'s sector of employment? | I10: What is [member]'s current income per month? (In Egyptian pounds)
B11: 1. Yes | F11: 1. none | H11: 1. government
B12: 2. No --> | F12: 2. primary | H12: 2. public enterprise
B13: next section | F13: 3. preparatory | H13: 3. private
F14: 4. general secondary | H14: 4. investment
F15: 5. technical secondary | H15: 5. foreign
F16: 6. above intermediate | H16: 6. non-profit
F17: 7. university | H17: 7. others (includes co-ops)
F18: 8. post graduate
D21: year | E21: year
A22: 1
A23: 2
A24: 3
A25: 4
A26: 5
A27: 6
A28: 7

Sheet 10.2
B1: Chapter 10 Migration, Transfers and Non-Labor Income
B2: Section 10.2 Transfers from non-household members and household members who are away from
B3: home and do not come back home once a week
B4: Apply to most knowledgeable person
B5: Interviewer: Note that a line is allocated for each transfer recipient. Therefore, a donor may have more than one line
B7: 10-201 | C7: During the past twelve months has your household or any of its members received any money or goods from persons
C8: who are not members of your household or household members who are away from home and do not come back
C9: once a week? For example from relatives living elsewhere, child support or alimony, or from friends or neighbors?
C10: 1. Yes | D10: 2. No --> next section
B11: 10-202 | C11: 10-203 | D11: 10-204 | E11: 10-205 | F11: 10-206 | G11: 10-207 | H11: 10-208 | I11: 10-209 | J11: 10-210 | K11: 10-211
A12: Individual Code | B12: What are the names of the persons who sent assistance to your household during the past twelve months? | C12: Is this [DONOR] a household member? | D12: What type of assistance does [DONOR] send? | E12: Where does this [DONOR] live? | F12: How did [DONOR] send money to your household? | G12: Is this assistance sent by [DONOR] given to or for a specific member of this household? | H12: Which household member does [DONOR] send this assistance to? | I12: What is the relationship between [DONOR] and this household member (the recipient)? | J12: How much money have members of your household received from [DONOR] in the past twelve months? | K12: What is the approximate value in cash of the assistance given in food or other goods in the past twelve months?
C13: 1. Yes | D13: 1. child support | E13: 1. in Egypt | F13: 1. by himself | G13: 1. Yes | I13: 1. spouse
C14: COPY | D14: 2. alimony | E14: 2. Arab Country | F14: 2. friend/relative | G14: 2. No --> | H14: COPY | I14: 2. son/daughter
C15: DONOR'S | D15: 3. remittances | E15: 3. non-Arab | F15: 3. mail | G15: 10-210 | H15: INDIVIDUAL | I15: 3. parent
C16: INDIVIDUAL | D16: 4. general | E16: country | F16: 4. hewala | H16: CODE OF THIS | I16: 4. sibling
C17: CODE | D17: assistance | F17: 5. bank | H17: HOUSEHOLD | I17: 5. other relative
C18: 2. No | F18: 6. other | H18: MEMBER | I18: 6. do not know
B19: names | J19: L.E. | K19: L.E.
A20: 1
A21: 2
A22: 3
A23: 4
A24: 5
A25: 6
A26: 7
A27: 8
A28: 9
A29: 10
A30: 11
A31: 12
... A33: 14

Sheet 10.3
B1: Chapter 10 Migration, Transfers and Non-Labor Income | M1: Chapter 10 Migration, Transfers and Non-Labor Income
B2: Section 10.3 Miscellaneous Sources of Income | M2: Section 10.3 Miscellaneous Sources of Incomes
B3: Apply to most knowledgeable person | M3: Apply to most knowledgeable person
C5: 103-01 | D5: 103-02 | E5: 103-03 | F5: 103-04 | G5: 103-05 | H5: 103-06 | I5: 103-07 | J5: 103-08 | K5: 103-09 | N5: 103-10 | O5: 103-11 | P5: 103-12 | Q5: 103-13
A6: Individual Code | C6: In the past twelve months, has any member of your household received any payment from the following sources? | D6: Who is the first member of your household who received income from this source? | E6: How much did [NAME of PERSON] receive from this source in the past month? | F6: Did any other member of your household receive income from this source? | G6: Who is the second member of your household who received income from this source? | H6: How much did[NAME of PERSON] receive from this source in the past month? | I6: Did any other member of your household receive income from this source? | J6: Who is the third member of your household who received income from this source? | K6: How much did [NAME of PERSON] receive from this source in the past month? | L6: Individual Code | N6: In the past twelve months, did your household, or any of its members, receive any payments, in cash or in any other form, from the following sources? | O6: How much did your household receive in the past twelve months from [SOURCE] including the value of any payment in the form of goods? | P6: Was this payment received by a specific household member, or by the household as a whole? | Q6: Who in the household was the principal recipient of this payment?
C7: 1. Yes | F7: 1. Yes
C8: 2. No --> | D8: COPY THE | F8: 2. No --> | G8: COPY THE | J8: COPY THE | Q8: COPY THE
C9: next source | D9: INDIVIDUAL | F9: next source | G9: INDIVIDUAL | I9: 1. Yes | J9: INDIVIDUAL | N9: 1. Yes | P9: 1. specific household members | Q9: INDIVIDUAL
D10: CODE OF | G10: CODE OF | I10: 2. No --> | J10: CODE OF | N10: 2. No --> | P10: 2. household as a whole --> | Q10: CODE OF
B11: source | D11: THIS PERSON | E11: L.E. | G11: THIS PERSON | H11: L.E. | I11: next source | J11: THIS PERSON | K11: L.E. | M11: source | N11: next source | O11: L.E. | P11: next source | Q11: THIS PERSON
A12: 1 | B12: Retirement pension/ social security benefits | L12: 1 | M12: rental income
A13: 2 | B13: "Sadat" pension/ "Mubarak" pension | M13: source 1
A14: 3 | B14: illness or injury compensation | M14: source 2
A15: 4 | B15: social assistance from ministry of social affairs | M15: source 3
A16: 5 | B16: social assistance from a religious org./charity | M16: other
A17: 6 | B17: other | L17: 2 | M17: interest and financial returns
M18: source 1
M19: source 2
M20: source 3
M21: other
L22: 3 | M22: other income
M23: source 1
M24: source 2
M25: source 3
M26: other

Sheet 11.1
B1: Chapter 11 Household Enterprises
B2: Section 11.1 Non-agricultural Enterprises
B3: Apply to self-employed, or employers in all activities except agric and fishing- whether main or secondary jobs
B4: 11-101 | C4: 11-102 | D4: 11-103 | E4: 11-104 | K4: 11-105 | L4: 11-106 | N4: 11-107 | O4: 11-108 | P4: 11-109 | R4: 11-110 | S4: 11-111 | T4: 11-112 | V4: 11-113 | W4: 11-114 | X4: 11-115 | Z4: 11-116 | AA4: 11-117 | AB4: 11-118
A5: Code of Economic Unit | B5: Does any member of the family own and work in non-agricultural projects or private activities that aim to produce a service or a good for sale? | C5: What is the economic activity of the economic unit? | D5: Individual code of person answering | E5: Who worked on this project among household members in the past three months (including the employer)? | K5: When was the unit/firm established? When did you start that activity? | L5: Who owns the economic unit? | N5: Legal body of the economic unit | O5: Describe the place of work | P5: Total number of male and female workers in economic unit on the most recent working day | R5: Estimate of value of current capital of economic unit | S5: Did you borrow any money to operate your business in the past twelve months? | T5: Who did you borrow the money from? | V5: Do you owe any additional debt incurred from previous loans? | W5: How much do you now owe in total? | X5: Who is the main buyer of the good/service you sell? | Z5: Do you have a business license ? | AA5: Does the enterprise have commercial registration? | AB5: Do you keep regular accounting books?
B6: 1. Yes | K6: 1. before 1952 | L6: 1. HH | N6: 1. individual project | O6: 1. own home | R6: 1. none --> 11-115 | S6: 1. Yes | T6: 1. Nasser social bank | V6: 1. Yes | W6: 1. none | X6: 1. consumers / individuals | Z6: 1. Yes | AA6: 1. Yes | AB6: 1. Yes
B7: 2. No ----> | K7: 2. 1952- 1959 | L7: 2. Shared with others | N7: 2. partnership/company | O7: 2. shop | R7: 2. LE 1 - 499 | S7: 2. No ---> | T7: 2. other public sector bank | V7: 2. No | W7: 2. LE 1 - 499 | X7: 2. small private sector units | Z7: 2. No | AA7: 2. No | AB7: 2. No
B8: 11-301 | K8: 3. 1960-1969 | N8: 3. s.a.e | O8: 3. another house | R8: 3. LE 500 - 999 | S8: 11-115 | T8: 3. private sector bank | W8: 3. LE 500 - 999 | X8: 3. large private sector units | Z8: 3. does not apply ( in case of | AA8: 3. does not apply ( in case of | AB8: 3. does not apply ( in case of
K9: 4. 1970-1979 | L9: In case it is shared | N9: 4. limited liability | O9: 4. office/flat/building | R9: 4. LE 1,000 - 4,999 | T9: 4. an NGO | W9: 4. LE 1,000 - 4,999 | X9: 4. public sector units | Z9: street vendors and mobile labor) | AA9: street vendors and mobile labor) | AB9: street vendors and mobile labor)
K10: 5. 1980-1989 | L10: write % | N10: 5. do not know | O10: 5. room/ number of rooms | R10: 5. LE 5,000 - 9,999 | T10: 5. social fund for development | W10: 5. LE 5,000 - 9,999 | X10: 5. government
E11: Individual Code | F11: Individual Code | G11: Individual Code | H11: Individual Code | I11: Individual Code | J11: Individual Code | K11: 6. 1990-1999 | O11: 6. workshop/factory | R11: 6. LE10,000 - 49,999 | T11: 6. suppliers | W11: 6. LE10,000 - 49,999 | X11: 6. wholesalers
K12: 7. 2000 and later | O12: 7. kiosk | R12: 7. 50,000 or more | T12: 7. purchasers | W12: 7. 50,000 or more | X12: 7. retailers
K13: 8. do not know | O13: 8. street vendor | R13: 8. do not know --> | T13: 8. local money lenders | W13: 8. do not know | X13: 8. investment companies
O14: 9. mobile worker | R14: 11-115 | T14: 9. family members outside the HH | X14: 9. co-operative sector
O15: 10. street vendor with mobile cart | X15: 10. exporters or foreigners
O16: 11. hut | X16: 11. contractors
O17: 12. drinks fridge connected to house | X17: 12. Tourists
O18: 13. drinks fridge not connected to house | X18: 13. non- governmental or foreign organisation
O19: 14. basket/ table | X19: 14. other
O20: 15. truck/pick-up truck
E21: Order is based on the extent of participation in the work | O21: 16. taxi
O22: 17. Field/ farm
O23: 18. Other
O24: 19. toc-toc
E25: 1 | F25: 2 | G25: 3 | H25: 4 | I25: 5 | J25: 6 | M25: (%) | P25: Male | Q25: Female | T25: first lender | U25: second lender | X25: main buyer | Y25: secondary buyer
A26: 101
A27: 102
A28: 103
A29: 104

Sheet 11.2
B1: Chapter 11 Household Enterprises
B2: Section 11.2 Non-agricultural Enterprises: Employment from outside the HH
B3: Apply to enterprises that hire workers from outside the HH
B4: 11-201 | C4: 11-202 | D4: 11-203 | E4: 11-204 | F4: 11-205 | G4: 11-206
A5: Code of Economic Unit | B5: Does the enterprise hire workers from outside the household? | C5: Have any new workers joined the enterprise during the past twelve months? | D5: What is the number of new employees during that period? | E5: Has any employee left the enterprise during that period? | F5: How many have left during that period? | G5: Has the number of employees change in comparison to three years ago?
B6: 1. Yes | C6: 1. Yes | E6: 1. Yes | G6: 1. increase
B7: 2. No | C7: 2. No | E7: 2. No | G7: 2. decrease
C8: 3. don't know | E8: 3. don't know | G8: 3. no change
G9: 4. enterprise is less than three years old
B10: If "No" | C10: If | E10: If
B11: --->' | C11: 2 or 3 | E11: 2 or 3
B12: 11-301 | C12: ---> | E12: --->
C13: 11-204 | E13: =G4 -> 11-206
A20: 101
A21: 102
A22: 103
A23: 104

Sheet 11.3
B1: Chapter 11 Household Enterprises
B2: Section 11.3 Agricultural Activities - Capital Equipment
B3: Apply to household member most knowledgeable about agriculture
B4: 11-301 | D4: 11-302 | E4: 11-303 | F4: 11-304 | G4: 11-305 | H4: 11-306
A5: Equipment Code | B5: Does your household own any of the following items? | D5: How many […] does your household own? | E5: Does your household own any […] jointly with any other household? | F5: How many […] are owned with another household? | G5: What share of these […] belong to your household? | H5: If you sold one of those […] today, how much money could you get for it?
B7: Interviewers: | D7: Interviewers: | G7: Interviewers: | H7: Interviewers:
B8: FIRST ASK ABOUT ALL ITEMS. | D8: DO NOT COUNT | E8: 1. Yes | G8: IF SHARE DIFFERS | H8: IF MORE THAN ONE ITEM,
B9: THEN ASK QUESTIONS 11302 -11306 FOR | D9: EQUIPMENT | E9: 2. No ----> | G9: OVER ITEMS, RECORD | H9: ASK FOR AVERAGE
B10: EACH ITEM BEFORE GOING TO THE NEXT ITEM. | D10: JOINTLY | E10: =H4 -> 11-306 | G10: AVERAGE | H10: VALUE. AVERAGE
D11: OWNED WITH | G11: SHARE. | H11: SHOULD INCLUDE FULL
D12: OTHER | H12: VALUE OF ITEMS
D13: HOUSEHOLDS | H13: SHARED WITH OTHER
H14: HOUSEHOLDS
C15: 1. Yes
C16: 2. No ---->
B17: type of farm equipment | C17: next item | G17: %
A18: 1 | B18: large tractor (>12 horse power)
A19: 2 | B19: small tractor (<12 horse power)
A20: 3 | B20: machine pulled plow or harrower
A21: 4 | B21: animal pulled plow
A22: 5 | B22: mechanical water pump
A23: 6 | B23: animal powered water pump
A24: 7 | B24: manually powered water pump
A25: 8 | B25: sprinkler
A26: 9 | B26: motorized thresher
A27: 10 | B27: hand thresher
A28: 11 | B28: rice winnower
A29: 12 | B29: mill
... A34: 17 | B34: small cart pulled by person
A35: 18 | B35: poultry battery
A36: 19 | B36: beehives

Sheet 11.4
B1: Chapter 11 Household Enterprises
B2: Section 11.4 Agricultural Activities - Ownership of Livestock
B3: Apply to household member most knowledgeable about livestock
B5: 11-401 | C5: Does any member of your household currently own any livestock, such as cows, sheep or poultry?
C6: 1. Yes | D6: 2. No --> | E6: 11501
B7: 11-402 | E7: 11-403 | F7: 11-404 | G7: 11-405
A8: Equipment Code | B8: Does any member of your household currently own any of the following animals? | E8: How many […] does your household currently own? | F8: If you sold one of those […] today, how much money could you get for it? | G8: Who is the person taking care of this animal?
B10: Interviewers:
B11: FIRST ASK QUESTION ABOUT | G11: Interviewers:
B12: ALL ANIMALS. THEN ASK | G12: RECORD INDIVIDUAL
B13: QUESTIONS 11403 -11405 FOR | G13: CODE OF THIS PERSON.
B14: EACH ANIMAL BEFORE GOING | G14: (multiple individuals permitted)
B15: TO THE NEXT ONE.
C16: 1. Yes
C17: 2. No ----> | E17: number of
B18: animal | C18: next animal | E18: animals
A19: 1 | B19: cows
A20: 2 | B20: buffaloes
A21: 3 | B21: goats
A22: 4 | B22: sheep
A23: 5 | B23: camels
A24: 6 | B24: donkeys/mules
A25: 7 | B25: horses
A26: 8 | B26: chickens
A27: 9 | B27: pigeons
A28: 10 | B28: rabbits
A29: 11 | B29: ducks
A30: 12 | B30: geese
... A32: 14 | B32: other animals

Sheet 11.5
B1: Chapter 11 Household Enterprises
B2: Section 11.5 Agricultural Activities - Access to Credit
B4: 11-501 | C4: 11-502 | E4: 11-503 | F4: 11-504
A5: Code of Economic Unit | B5: Did you borrow any money to operate your farm in the past twelve months? | C5: Who did you borrow the money from? | E5: Do you owe any additional debt incurred from previous loans? | F5: How much do you now owe in total?
B6: 1. Yes | C6: 1. agricultural credit bank | E6: 1. Yes | F6: 1. none
B7: 2. No ----> | C7: 2. an NGO | E7: 2. No ----> | F7: 2. LE 1 - 499
B8: =E4 -> 11-503 | C8: 3. landlord | E8: end of questions | F8: 3. LE 500 - 999
C9: 4. suppliers | F9: 4. LE 1,000 - 4,999
C10: 5. purchasers | F10: 5. LE 5,000 - 9,999
C11: 6. local money lenders | F11: 6. LE10,000 - 49,999
C12: 7. family outside the household | F12: 7. 50,000 or more
F13: 8. do not know
C25: first lender | D25: second lender
A26: 101
A27: 102
A28: 103
A29: 104
